 Dungeon Crawl Stone Soup version 0.32-a0-953-g508020473e (webtiles) character file.

Game seed: 5854537914077029239

16084678 bananaken the Conqueror (level 27, 180/226 HPs)
             Began as a Vine Stalker Fighter on Apr 15, 2024.
             Was the Champion of the Shining One.
             Escaped with the Orb
             ... and 15 runes
             ... and 1 gem on Apr 16, 2024!
             The game lasted 07:10:56 (98402 turns).

bananaken the Conqueror (Vine Stalker Fighter)     Turns: 98402, Time: 07:10:56

Health: 180/226    AC: 46    Str: 24    XL:     27
Magic:  48/48      EV: 28    Int: 14    God:    the Shining One [******]
Gold:   16389      SH: 38    Dex: 26    Spells: 22/66 levels left

rFire   + + +        a - +11 quick blade of the Purse {flame, rF+}
rCold   + + +        h - +6 tower shield {rF+}
rNeg    + + +        G - melded +11 gold dragon scales
rPois   ∞            I - -2 hat of the Alchemist {rElec rPois rF+ rC+ rN+ Will+ rMut rCorr}
rElec   +            O - +1 cloak of Starlight {*Dazzle EV+4 Stlth--}
rCorr   +            e - melded +2 pair of gloves "Komi" {Rampage rC++ Stlth-}
SInv    +            F - melded +2 pair of boots {Fly}
Will    ++++.        H - amulet of Autotheism {Reflect ^Fragile rC+ Regen+ Int+7 SH+5}
Stlth   +            o - ring of the Tortoise {AC+8}
HPRegen 2.17/turn    q - +4 ring of slaying
MPRegen 0.31/turn

%: reflection, resist mutation, guardian spirit
@: statue-form, glowing, studying 5 skills, very slow
A: slow and powerful, torment resistance 1, boosted hp, fangs 3, regeneration 1,
magic shield, antimagic bite, no potion heal 2, see invisible, agile 1, cold
resistance 1, mutation resistance 1
0: Orb of Zot
}: 15/15 runes: decaying, slimy, silver, golden, iron, obsidian, icy, bone,
abyssal, demonic, glowing, magical, fiery, dark, gossamer
a: Begin Untransformation, Renounce Religion, Divine Shield, Cleansing Flame,
Summon Divine Warrior


You escaped.
You worshipped the Shining One.
The Shining One was exalted by your worship.
You were a living statue of rough stone.
You visited 18 branches of the dungeon, and saw 88 of its levels.
You visited Pandemonium 3 times, and saw 45 of its levels.
You visited the Abyss 7 times.
You visited 2 bazaars.
You visited 1 ziggurat, and saw 14 of its levels.
You also visited: Trove, Bailey, Ice Cave, Volcano, Wizlab and Desolation.

You collected 24220 gold pieces.
You spent 7831 gold pieces at shops.

Inventory:

Hand Weapons
 a - the +11 quick blade of the Purse (weapon) {flame, rF+}
   (Okawaru gifted it to you on level 3 of the Lair of Beasts)

   rF+:       It protects you from fire.
 b - a +9 eudemon blade of holy wrath
Missiles
 y - 13 silver javelins (quivered)
 L - 35 javelins
Armour
 e - the +2 pair of gloves "Komi" (melded) {Rampage rC++ Stlth-}
   (You found it on level 4 of the Spider Nest)

   rC++:      It greatly protects you from cold.
   Rampage:   It bestows one free step when moving towards enemies.
   Stlth-:    It makes you less stealthy.
 h - a +6 tower shield of fire resistance (worn)
 F - a +2 pair of boots of flying (melded)
 G - +11 gold dragon scales (melded)
 I - the -2 hat of the Alchemist (worn) {rElec rPois rF+ rC+ rN+ Will+ rMut rCorr}
   (You bought it in a shop on level 3 of the Depths)

   rF+:       It protects you from fire.
   rC+:       It protects you from cold.
   rElec:     It insulates you from electricity.
   rPois:     It protects you from poison.
   rN+:       It protects you from negative energy.
   Will+:     It increases your willpower.
   rCorr:     It protects you from acid and corrosion.
   rMut:      It protects you from mutation.
 O - the +1 cloak of Starlight (worn) {*Dazzle EV+4 Stlth--}
   (You found it in a wizard's laboratory)

   *Dazzle:   It may blind those who miss an attack against the wearer in melee
   combat.
   EV+4:      It affects your evasion (+4).
   Stlth--:   It makes you much less stealthy.
Jewellery
 i - a ring of resist corrosion
 o - the ring of the Tortoise (left fist) {AC+8}
   (You bought it in a shop on level 2 of the Orcish Mines)

   [ring of protection]

   AC+8:      It affects your AC (+8).
 q - a +4 ring of slaying (right fist)
 A - the ring of the Mage {Wiz Archmagi}
   (You found it on level 5 of the Pits of Slime)

   [ring of wizardry]

   Wiz:       It improves your spell success rate.
   Archmagi:  It increases the power of your magical spells.
 H - the amulet of Autotheism (around neck) {Reflect ^Fragile rC+ Regen+ Int+7 SH+5}
   (You acquired it on level 2 of the Depths)

   [amulet of reflection]

   Reflect:   It reflects blocked missile attacks.
   Int+7:     It affects your intelligence (+7).
   rC+:       It protects you from cold.
   Regen+:    It increases your rate of health regeneration.
   ^Fragile:  It will be destroyed if unequipped.
   SH+5:      It affects your SH (+5).
 P - the ring "Biazuagg" {AC+4 Dex+3 Stlth+}
   (You found it in Pandemonium)

   [ring of protection]

   AC+4:      It affects your AC (+4).
   Dex+3:     It affects your dexterity (+3).
   Stlth+:    It makes you more stealthy.
 Y - an amulet of regeneration
 Z - the ring of Elyvilon's Displeasure {rF++ MP+9 Str+3 Int+2 Stlth-}
   (You found it on level 7 of the Iron City of Dis)

   [ring of magical power]

   Str+3:     It affects your strength (+3).
   Int+2:     It affects your intelligence (+2).
   rF++:      It greatly protects you from fire.
   MP+9:      It affects your magic capacity (+9).
   Stlth-:    It makes you less stealthy.
Talismans
 W - the granite talisman of Syndicalism (active) {Stlth+}
   (You found it on level 9 of a ziggurat)

   [granite talisman]

   Stlth+:    It makes you more stealthy.
Wands
 f - a wand of light (71)
 j - a wand of polymorph (23)
 k - a wand of paralysis (133)
 u - a wand of warping (125)
 z - a wand of flame (84)
 M - a wand of mindburst (23)
 U - a wand of digging (34)
Scrolls
 c - 11 scrolls of immolation
 l - 10 scrolls of fog
 m - 5 scrolls of blinking
 p - 6 scrolls of revelation
 B - 9 scrolls of fear
 C - 27 scrolls of teleportation
 D - 16 scrolls of vulnerability
 J - a scroll of enchant armour
 K - 7 scrolls of amnesia
 Q - 3 scrolls of summoning
 R - 14 scrolls of poison
 T - 6 scrolls of silence
Potions
 d - a potion of might
 g - 26 potions of curing
 n - a potion of lignification
 r - 4 potions of berserk rage
 s - 17 potions of mutation
 t - 3 potions of resistance
 v - 13 potions of ambrosia
 w - 20 potions of brilliance
 x - 9 potions of enlightenment
 E - a potion of haste
 N - 8 potions of attraction
 S - 4 potions of cancellation
 V - 4 potions of magic
Miscellaneous
 X - a tin of tremorstones (2/2)


   Skills:
 O Level 27 Fighting
 + Level 20.8(21.3) Short Blades
 - Level 8.4(15.8) Long Blades
 - Level 18.3 Throwing
 + Level 16.8 Armour
 + Level 14.1 Dodging
 - Level 3.0 Stealth
 + Level 24.6 Shields
 - Level 20.0 Spellcasting
 - Level 16.0 Conjurations
 - Level 8.0 Hexes
 - Level 8.0 Necromancy
 - Level 20.2 Translocations
 - Level 15.9 Fire Magic
 - Level 8.0 Earth Magic
 - Level 14.1 Alchemy
 O Level 27 Invocations
 - Level 13.0 Evocations
 - Level 26.0 Shapeshifting


You had 22 spell levels left.
You knew the following spells:

 Your Spells              Type           Power      Damage    Failure   Level
a - Yara's Violent Unrav  Hex/Alch       22%        3d10      1%          5
b - Lesser Beckoning      Tloc           100%       N/A       0%          2
c - Borgnjor's Vile Clut  Necr/Erth      18%        N/A       4%          5
d - Passage of Golubria   Tloc           63%        N/A       0%          4
e - Apportation           Tloc           100%       N/A       0%          1
f - Teleport Other        Tloc           63%        N/A       0%          3
g - Manifold Assault      Tloc           31%        N/A       1%          7
h - Blink                 Tloc           100%       N/A       0%          2
i - Dispersal             Tloc           31%        N/A       1%          6
j - Fire Storm            Conj/Fire      28%        8d7       100%        9

Your spell library contained the following spells:

 Spells                   Type           Power      Damage    Failure   Level
 Magic Dart               Conj           100%       1d8       0%          1
 Sting                    Conj/Alch      100%       1d9       0%          1
 Momentum Strike          Conj/Tloc      100%       3d10      0%          2
 Scorch                   Fire           100%       2d9       0%          2
 Searing Ray              Conj           100%       2d8       0%          2
 Maxwell's Portable Pile  Tloc           63%        2d(11-32) 0%          3
 Volatile Blastmotes      Fire/Tloc      100%       2d18      0%          3
 Kiss of Death            Conj/Necr      100%       2d13      1%          1
 Necrotise                Necr           100%       1d9       1%          1
 Sandblast                Erth           72%        2d16      1%          1
 Shock                    Conj/Air       100%       1d9       1%          1
 Slow                     Hex            100%       N/A       1%          1
 Cigotuvi's Dreadful Rot  Necr/Alch/Air  68%        N/A       1%          2
 Ensorcelled Hibernation  Hex/Ice        50%        N/A       1%          2
 Jinxbite                 Hex            72%        N/A       1%          2
 Mercury Vapours          Alch/Air       66%        N/A       1%          2
 Confusing Touch          Hex            36%        N/A       1%          3
 Dazzling Flash           Conj/Hex       94%        N/A       1%          3
 Fugue of the Fallen      Necr           36%        N/A       1%          3
 Hailstorm                Conj/Ice       36%        3d9       1%          3
 Inner Flame              Hex/Fire       47%        N/A       1%          3
 Mephitic Cloud           Conj/Alch/Air  42%        N/A       1%          3
 Passwall                 Erth           36%        N/A       1%          3
 Stone Arrow              Conj/Erth      94%        3d12      1%          3
 Tukima's Dance           Hex            36%        N/A       1%          3
 Vampiric Draining        Necr           36%        2d8       1%          3
 Anguish                  Hex/Necr       18%        N/A       1%          4
 Brom's Barrelling Bould  Conj/Erth      47%        2d6       1%          4
 Cause Fear               Hex            18%        N/A       1%          4
 Dimensional Bullseye     Hex/Tloc       26%        N/A       1%          4
 Dispel Undead            Necr           36%        3d15      1%          4
 Flame Wave               Conj/Fire      56%        2d13      1%          4
 Fulminant Prism          Conj/Alch      27%        3d14      1%          4
 Ignite Poison            Fire/Alch      54%        N/A       1%          4
 Iskenderun's Mystic Bla  Conj/Tloc      59%        2d12      (+2d61%     4
 Leda's Liquefaction      Alch/Erth      22%        N/A       1%          4
 Olgreb's Toxic Radiance  Alch           52%        N/A       1%          4
 Petrify                  Alch/Erth      44%        N/A       1%          4
 Sticky Flame             Fire/Alch      54%        2d10      1%          4
 Summon Blazeheart Golem  Fire/Summ      36%        N/A       1%          4
 Vhi's Electric Charge    Tloc/Air       84%        N/A       1%          4
 Alistair's Intoxication  Alch           34%        N/A       1%          5
 Fireball                 Conj/Fire      28%        3d12      1%          5
 Irradiate                Conj/Alch      27%        3d20      1%          5
 Iskenderun's Battlesphe  Conj           56%        2d11      1%          5
 Summon Forest            Summ/Tloc      21%        N/A       1%          5
 Eringya's Noxious Bog    Alch           26%        4d6       1%          6
 Gell's Gavotte           Tloc           31%        2d(25-37) 1%          6
 Starburst                Conj/Fire      28%        6d9       1%          6
 Freeze                   Ice            56%        1d7       4%          1
 Summon Small Mammal      Summ           56%        N/A       4%          1
 Arcjolt                  Conj/Air       18%        1d28      4%          5
 Curse of Agony           Necr           36%        N/A       4%          5
 Lee's Rapid Deconstruct  Erth           18%        3d11*     4%          5
 Bombard                  Conj/Erth      23%        9d4       4%          6
 Disjunction              Tloc           31%        N/A       8%          8
 Animate Armour           Summ/Erth      50%        N/A       9%          4
 Martyr's Knell           Necr/Summ      25%        N/A       9%          4
 Call Canine Familiar     Summ           14%        N/A       13%         3
 Frozen Ramparts          Ice            28%        1d5       13%         3
 Summon Ice Beast         Ice/Summ       14%        N/A       13%         3
 Swiftness                Air            14%        N/A       13%         3
 Freezing Cloud           Conj/Ice/Air   14%        6-21      14%         5
 Metabolic Englaciation   Hex/Ice        12%        N/A       24%         5
 Summon Mana Viper        Hex/Summ       25%        N/A       24%         5
 Conjure Ball Lightning   Conj/Air       18%        3x3d6     26%         6
 Plasma Beam              Fire/Air       18%        2x1d29    26%         6
 Sculpt Simulacrum        Ice/Alch       16%        N/A       36%         6
 Seismic Cannonade        Alch/Erth      22%        6d9       38%         7
 Ignition                 Fire           28%        3d9       38%         8
 Airstrike                Air            7%         2d(1-17)  41%         4
 Summon Lightning Spire   Summ/Air       14%        N/A       41%         4
 Malign Gateway           Summ/Tloc      21%        N/A       52%         7
 Fulsome Fusillade        Conj/Alch      27%        (3-5)d10  52%         8
 Permafrost Eruption      Ice/Erth       12%        2x4d4     78%         6
 Enfeeble                 Hex            18%        N/A       80%         7
 Lehudib's Crystal Spear  Conj/Erth      23%        10d7      91%         8
 Summon Cactus Giant      Summ           7%         N/A       100%        6
 Magnavolt                Erth/Air       12%        3d12      100%        7
 Monstrous Menagerie      Summ           7%         N/A       100%        7
 Ozocubu's Refrigeration  Ice            7%         4d9       100%        7
 Summon Hydra             Summ           7%         N/A       100%        7
 Borgnjor's Revivificati  Necr           18%        N/A       100%        8
 Discord                  Hex            18%        N/A       100%        8
 Maxwell's Capacitive Co  Air            7%         ∞         100%        8
 Dragon's Call            Summ           7%         N/A       100%        9
 Polar Vortex             Ice            7%         N/A       100%        9
 Sublimation of Blood     Necr           Unusable   N/A       N/A         2

Dungeon Overview and Level Annotations

Branches:
Dungeon (15/15)            Temple (1/1) D:5            Lair (5/5) D:9
  Swamp (4/4) Lair:3       Spider (4/4) Lair:3        Slime (5/5) Lair:5
    Orc (2/2) D:9             Elf (3/3) Orc:2        Vaults (5/5) D:13
  Crypt (3/3) Vaults:3       Tomb (3/3) Crypt:3      Depths (4/4) D:15
   Hell (visited)             Dis (7/7) Hell            Geh (7/7) Hell
    Coc (7/7) Hell            Tar (7/7) Hell            Zot (5/5) Depths:4
 Bailey (visited)           IceCv (visited)         Volcano (visited)
 WizLab (visited)         Desolation (visited)

Altars:
Ashenzari
Cheibriados
Dithmenos
Elyvilon
Fedhas
Gozag
Hepliaklqana
Kikubaaqudgha
Makhleb
Nemelex Xobeh
Okawaru
Qazlal
Ru
Sif Muna
Trog
Uskayaw
Vehumet
Wu Jian
Xom
Yredelemnul
Zin
The Shining One
Jiyva

Shops:
Orc:2 =[?:   Elf:1 [   Elf:3 [[   Vaults:3 (   Vaults:4 ?   Depths:1 [
Depths:3 ?*((*[

Portals:
Hell: Depths:1 Depths:2 Depths:3 Depths:4
Abyss: Depths:1 Depths:3
Pandemonium: Depths:2
Ziggurat: Depths:4

Annotations:
D:6 1 runed translucent door, Crazy Yiuf
D:8 1 runed translucent door, horus123's ghost, novice DECj
Elf:1 1 runed translucent door
Crypt:1 3 runed translucent doors, Uroast's ghost, veteran MiGl
Depths:1 exclusion: downstairs


Innate Abilities, Weirdness & Mutations

You are a living statue of rough stone.
Your actions are slow, but your melee attacks are powerful.
You are resistant to unholy torment.
Your maximum health is greatly increased.
Your equipment is partially melded.
You are immune to poison.
You have razor-sharp teeth.
Your natural rate of healing is unusually fast.
When hurt, damage is shared between your health and your magic reserves.
Your bite disrupts and absorbs the magic of your enemies.
Potions cannot restore your health.
You have supernaturally acute eyesight. (SInv)
You are agile. (Dex +4, Str/Int -1)
Your flesh is cold resistant. (rC+)
You are somewhat resistant to further mutation.


Message History

There is a stone staircase leading up here.
You fly upwards.
Level annotation: 1 runed translucent door, Crazy Yiuf
There is a stone staircase leading down here.
What level of the Dungeon? (default 1, ? - help)
You see here a +0 falchion.
There is a stone staircase leading up here.
HP restored.
There is a stone staircase leading up here.
You see here a black bear skeleton.
You fly upwards.
There is a stone staircase leading down here.
Magic restored.
There is a stone staircase leading up here.
You fly upwards.
There is a stone staircase leading down here.
You reach down and open the door.
There is an open door here.
There is a stone staircase leading up here.
You fly upwards.
There is a stone staircase leading down here.
There is a stone staircase leading up here.
You fly upwards.
There is a stone staircase leading down here.
There is a stone staircase leading up here.
You fly upwards.
There is a stone staircase leading down here.
There is a staircase leading out of the dungeon here.
Casting: Lesser Beckoning (safe; 1% risk of failure)
Confirm with . or Enter, or press ? or * to list all spells.
Okay, then.
You begin transforming.
You continue transforming. x3
You turn into a living statue of rough stone.
The +2 pair of gloves "Komi" {Rampage rC++ Stlth-} melds into your body.
Your +2 pair of boots of flying melds into your body.
Your +11 gold dragon scales melds into your body.
You float gracefully downwards.
You feel extremely strange. The horns on your head shrink away.
Your urge to shout disappears.
You have escaped!

#.......# #.#
####'##.#####.# #
#...##.......# ##
#..####.######## .#
#..............# )#
#.##.........### .###
#.##......)..#
...######.##...ß.ß...#
##......#.#####.I.####
######...## #####
###...# #.....#
#.....####
#..(..'..###
###.....##...## #####
#.......####..###...#
#........# ##.##....#


There were no monsters in sight!

Vanquished Creatures
  Cerebov (Pan)
  Asmodeus (Geh:7)
  the Royal Jelly (Slime:5)
  Mnoleg (Pan)
  Dissolution (Slime:2)
  Ereshkigal (Tar:7)
  Gloorx Vloq (Pan)
  the Serpent of Hell (Tar:7)
  Lom Lobon (Pan)
  Dispater (Dis:7)
  7 dread liches
  5 ancient liches
  7 orbs of fire (Zot:5)
  Mennas (Arena)
  Xtahua (Vaults:2)
  2 juggernauts
  34 royal mummies
  Sojobo (Depths:1)
  20 shard shrikes
  Boris (twice) (Depths:4 Tomb:2)
  11 Killer Klowns
  Bai Suzhen (Crypt:1)
  Geryon (Hell)
  Saint Roka (Vaults:2)
  3 curse toes
  Margery (Vaults:2)
  22 caustic shrikes
  13 golden dragons
  4 profane servitors
  32 pandemonium lords
  Jory (Vaults:2)
  28 bone dragons
  34 Tzitzimimeh
  A shard shrike zombie (Crypt:3)
  17 doom hounds
  10 iron giants
  20 Brimstone Fiends
  39 Hell Sentinels
  2 electric golems (Zot:5)
  A spectral shard shrike (Tar:5)
  Zenata (Vaults:2)
  15 tentacled monstrosities
  4 hellephants
  The ghost of AutarchDCSS the Warrior, an adept DrCK of Wu Jian (Spider:4)
  25 Orb Guardians (Zot:5)
  3 walking frostbound tomes (Pan)
  21 Ice Fiends
  14 tainted leviathans
  8 deep elf master archers
  19 liches
  31 titans
  20 searing wretches
  6 quicksilver dragons
  8 sphinxes
  14 acid blobs
  7 deep elf blademasters
  4 eldritch tentacles
  A sphinx (shapeshifter) (Zig:10)
  14 tentacled starspawn
  6 death cobs
  46 Executioners
  Agnes (Elf:1)
  2 thorn hunters
  21 ancient champions
  Kirke (Elf:1)
  11 storm dragons
  11 tengu reavers
  12 shadow dragons
  10 azure jellies
  The ghost of Palms the Bludgeoner, an adept BaBe of Trog (Elf:1)
  A daeva (Pan)
  4 fenstrider witches
  Aizul (Elf:2)
  4 nagarajas
  25 demonspawn warmongers (Pan)
  5 rockslimes
  12 draconian monks
  12 protean progenitors
  7 revenants
  A draconian knight (Zot:3)
  6 quicksilver elementals
  An azure jelly (shapeshifter) (Zig:10)
  29 fire giants
  8 draconian scorchers
  A fire giant (shapeshifter) (Zig:10)
  14 narguns
  16 deep elf sorcerers
  5 draconian shifters
  3 imperial myrmidons (Desolation)
  A caustic shrike zombie (Tomb:3)
  22 frost giants
  80 balrugs
  4 deep elf elementalists (Elf:3)
  9 emperor scorpions
  24 ghost moths
  2 spectral juggernauts
  15 vault wardens
  3 draconian stormcallers
  9 shard shrike simulacra
  62 reapers
  5 curse skulls
  5 orc warlords
  2 angels
  4 spriggan defenders
  21 demonspawn blood saints (Pan)
  3 spectral caustic shrikes
  5 iron dragons
  32 stone giants
  7 draconian annihilators
  10 ironbound preservers
  34 demonspawn corrupters (Pan)
  7 quicksilver oozes
  49 cacodemons
  5 juggernaut skeletons (Pan)
  6 caustic shrike skeletons (Pan)
  40 very ugly things
  3 formless jellyfish
  4 ironbound thunderhulks
  7 ghouls
  9 vampire knights
  6 broodmothers
  32 demonspawn black suns
  12 green draconians
  10 deep elf demonologists
  5 eleionomae
  11 putrid mouths
  36 lorocyprocas (Pan)
  17 elemental wellsprings
  10 purple draconians
  5 deep elf death magi
  10 dire elephants
  16 bennus
  15 red draconians
  10 deep elf annihilators
  10 wendigos
  23 war gargoyles
  A spectral titan (Tar:2)
  Azrael (Orc:2)
  18 spark wasps
  9 eidola
  12 white draconians
  15 yellow draconians
  4 bunyips
  10 black draconians
  A merfolk impaler (Depths:3)
  13 ettins
  14 iron golems
  A spectral quicksilver dragon (Tar:5)
  49 blizzard demons
  5 spectral spriggans
  26 green deaths
  A quicksilver dragon zombie (Crypt:3)
  26 mummy priests
  2 merfolk javelineers
  3 crystal guardians
  5 fire dragons
  10 jiangshi
  A spectral iron giant (Tar:6)
  11 deep elf high priests
  A spectral golden dragon (Tar:5)
  Josephine (Orc:2)
  5 ragged hierophants (Desolation)
  30 vault guards
  20 yaktaur captains
  9 entropy weavers
  9 hydras
  2 spriggan zombies
  A kraken zombie (Hell)
  2 shambling mangroves
  16 rakshasas
  4 caustic shrike simulacra
  10 ice dragons
  24 hell beasts
  Erolcha (Orc:2)
  17 salamander tyrants
  6 servants of whispers (Desolation)
  3 spriggan air magi
  3 catoblepae (Lair:5)
  10 great orbs of eyes
  5 jorogumos
  6 ghost crabs
  A merfolk avatar (Abyss:4)
  6 centaur warriors
  5 juggernaut simulacra
  A death knight (D:14)
  5 ogre magi
  2 spriggan skeletons (Abyss:3)
  10 peacekeepers
  3 anacondas
  17 stokers
  2 merfolk aquamancers
  5 radroaches
  33 dancing weapons
  4 ironbound frosthearts
  14 alligators
  A fenstrider witch skeleton (Crypt:3)
  10 deep troll earth magi
  6 two-headed ogres
  7 boulder beetles
  9 vampire magi
  8 tengu warriors
  15 death yaks
  9 deep troll shamans
  28 hell hogs
  15 hell knights
  2 naga sharpshooters (Zig:13)
  6 holy swine (Pan)
  5 spriggan berserkers
  188 sun demons
  A titan zombie (Abyss:3)
  19 death scarabs
  12 thrashing horrors
  A naga warrior (Zig:5)
  6 occultists
  12 orc high priests
  26 deep elf knights
  2 spectral dire elephants
  A spectral storm dragon (Tar:1)
  3 shock serpents
  A shock serpent (shapeshifter) (Vaults:5)
  117 soul eaters
  A spectral minotaur (Tar:1)
  13 crystal echidnas
  58 demonic crawlers
  A skyshark (Lair:2)
  2 titan skeletons
  8 shadow wraiths
  A fire crab (shapeshifter) (WizLab)
  7 pharaoh ants
  5 hellephant skeletons (Pan)
  8 wretched stars
  8 iron trolls
  52 sixfirhies
  36 skeletal warriors
  2 quicksilver dragon simulacra (Coc:2)
  3 spatial maelstroms
  A cherub (Pan)
  2 anaconda zombies
  A mana viper (WizLab)
  A salamander mystic (Zig:7)
  36 deep trolls
  A spectral bunyip (Tar:1)
  A death drake (WizLab)
  5 bog bodies
  14 deep elf archers
  7 spriggan druids
  A storm dragon skeleton (Tomb:2)
  58 shadow demons
  A spectral anaconda (Tar:2)
  A naga ritualist (Zig:13)
  A swamp dragon (shapeshifter) (Vaults:5)
  8 flayed ghosts
  4 goliath frogs
  105 large abominations
  3 swamp dragons
  A deep troll (shapeshifter) (Vaults:2)
  A tyrant leech (shapeshifter) (WizLab)
  20 orb spiders
  24 ironbound convokers
  120 slime creatures
  14 sun moths
  An arcanist (Vaults:4)
  A spriggan simulacrum (Crypt:2)
  5 obsidian statues
  17 glowing orange brains
  8 steelbarb worms
  Pikel (D:7)
  A bunyip skeleton (Crypt:2)
  7 orange crystal statues
  A fenstrider witch simulacrum (Coc:1)
  A harpy (Vaults:2)
  13 phantasmal warriors
  2 thermic dynamos
  28 deep elf pyromancers
  9 lindwurms
  28 orc knights
  8 necromancers
  A tengu zombie (Zig:9)
  An obsidian bat (Abyss:4)
  3 anaconda skeletons
  3 alligator zombies (Hell)
  A shadow dragon zombie (Crypt:3)
  2 sea snakes (shapeshifter)
  A fire giant zombie (Vaults:1)
  8 orc sorcerers
  26 wolf spiders
  A shadow dragon skeleton (Tomb:1)
  32 deep elf zephyrmancers
  An eye of devastation (shapeshifter) (Vaults:5)
  5 cyclopes
  3 shining eyes
  A stone giant zombie (Crypt:3)
  6 elephants
  4 manticores
  2 centaur zombies (Crypt:3)
  4 Executioner simulacra (Pan)
  An oklob plant (Lair:5)
  A dire elephant zombie (Crypt:3)
  25 ugly things
  6 black mambas
  15 meliai
  29 moths of wrath
  2 will-o-the-wisps
  A water nymph (Zig:4)
  12 ice statues
  2 merfolk sirens (Zig:4)
  10 guardian serpents
  11 rust devils
  7 worldbinders
  3 naga zombies
  A water nymph (shapeshifter) (Zig:10)
  An eye of devastation (Slime:5)
  2 titan simulacra (Coc:5)
  10 vault sentinels
  132 smoke demons
  32 hellions
  5 naga magi
  6 molten gargoyles
  2 apocalypse crabs
  15 cane toads
  7 gargoyles
  A dire elephant skeleton (Crypt:1)
  5 torpor snails
  5 centaur skeletons
  A swamp worm zombie (Crypt:1)
  A yaktaur zombie (Vaults:1)
  9 freezing wraiths
  6 kobold demonologists
  64 orange demons
  A sea snake zombie (Hell)
  An alligator snapping turtle skeleton (Crypt:3)
  An unseen horror (shapeshifter) (WizLab)
  3 rime drakes
  59 tormentors
  11 komodo dragons
  A naga skeleton (Crypt:3)
  A pale draconian zombie (Crypt:1)
  31 yaktaurs
  19 ice devils
  7 anaconda simulacra
  A black draconian skeleton (Crypt:1)
  17 efreet
  A death drake zombie (Crypt:1)
  2 unseen horrors
  3 spectral nagas
  6 tengu conjurers
  A queen bee (shapeshifter) (Elf:1)
  A queen bee (D:13)
  16 red devils
  9 trolls
  55 guardian mummies
  A polar bear (Lair:3)
  A silent spectre (Tar:6)
  2 harpy zombies
  2 spectral harpies
  Grinder (D:6)
  A troll (shapeshifter) (Abyss:2)
  A tarantella (shapeshifter) (Abyss:3)
  70 hellwings
  10 ancient zymes
  A bloated husk (Swamp:3)
  16 tyrant leeches
  2 harpy skeletons
  40 jumping spiders
  36 saltlings (Desolation)
  4 glass eyes
  A jumping spider (shapeshifter) (Depths:3)
  2 ettin zombies (Crypt:3)
  An iron dragon simulacrum (Coc:7)
  24 raiju
  27 hornets
  45 tarantellas
  Prince Ribbit (D:9)
  13 blink frogs
  A human simulacrum (Vaults:1)
  7 dream sheep (Lair:3)
  17 culicivoras
  A centaur simulacrum (Coc:2)
  A guardian serpent skeleton (Crypt:2)
  Sigmund (D:6)
  5 water elementals
  4 wyverns
  25 spriggans
  9 ushabtiu
  4 fire dragon skeletons
  10 small abominations (Abyss:3)
  16 wraiths
  2 dire elephant simulacra (Coc:6)
  113 ynoxinuls
  6 shadows
  50 yaks
  8 vampires
  Eustachio (D:6)
  Grum (D:9)
  5 steam dragons
  2 air elementals
  2 wargs
  9 basilisks
  7 fire elementals
  A hog (Elf:1)
  3 humans (Elf:1)
  24 golden eyes
  A yak (shapeshifter) (Vaults:5)
  57 neqoxecs
  8 spatial vortices
  70 redbacks
  23 vampire mosquitoes
  62 chaos spawn
  2 glowing shapeshifter zombies
  An acid dragon (D:12)
  10 water moccasins
  A faun zombie (Crypt:1)
  6 harpy simulacra
  18 swamp worms
  Duvessa (D:7)
  3 hydra simulacra
  3 great orb of eyes simulacra (IceCv)
  6 hell hounds
  3 swamp drakes
  58 orc warriors
  4 black bears
  A merfolk skeleton (Crypt:2)
  2 ettin simulacra
  2 ice beasts
  54 laughing skulls
  A manticore skeleton (Crypt:1)
  A boggart (WizLab)
  61 starcursed masses
  5 centaurs
  12 ogres
  10 wolves
  An elephant skeleton (Crypt:1)
  A slime creature simulacrum (IceCv)
  A phantom (D:6)
  6 weeping skulls
  13 brain worms
  5 kobold brigands
  7 bullfrogs
  4 scorpions
  3 naga simulacra
  2 earth elementals (Elf:2)
  2 glowing shapeshifter simulacra (IceCv)
  A warg skeleton (Crypt:2)
  13 wights
  Dowan (D:7)
  36 killer bees
  4 wolf zombies (Bailey)
  15 vampire bats
  6 howler monkeys
  5 electric eels
  2 crimson imps
  3 quasits
  A black bear zombie (Crypt:1)
  A gnoll bouda (D:7)
  4 hounds
  42 orc priests
  A jelly (D:5)
  2 iron imps (Abyss:3)
  4 sleepcaps
  4 iguanas
  29 orc wizards
  3 shapeshifter simulacra (IceCv)
  A brain worm zombie (Crypt:1)
  A hound skeleton (Crypt:2)
  62 mummies
  11 gnolls
  4 adders
  2 shadow imps
  15 white imps
  5 ufetubi (Abyss:3)
  2 dart slugs
  4 ribbon worms
  95 orcs
  4 ball pythons
  6 bats
  8 endoplasms
  6 giant cockroaches
  11 goblins
  9 hobgoblins
  41 kobolds
  3 quokkas
  3 frilled lizards
  20 orc zombies (Bailey)
  7 rats
  7 aspiring fleshes
  2 creeping infernos
  2 fire vortices
  A lurking horror (Abyss:3)
  A spectral weapon (Zot:5)
  6 starspawn tentacles
5816 creatures vanquished.

Vanquished Creatures (collateral kills)
  Antaeus (Coc:7)
  An emperor scorpion (Zig:14)
  2 iron golems (Dis:5)
4 creatures vanquished.

Vanquished Creatures (others)
  A titan (Coc:7)
  A shard shrike simulacrum (Coc:7)
  2 demonspawn blood saints (Pan)
  A deep elf death mage (Zig:8)
  An elemental wellspring (Coc:6)
  A purple draconian (Zig:11)
  A red draconian (Zot:3)
  A green death (Pan)
  A hydra (Swamp:4)
  A caustic shrike simulacrum (Coc:7)
  A juggernaut simulacrum (Coc:7)
  An occultist (Swamp:4)
  A soul eater (Pan)
  A naga warrior (Zig:13)
  3 quicksilver dragon simulacra
  2 spriggan simulacra (Coc:7)
  A steelbarb worm (Zig:14)
  A deep elf zephyrmancer (Elf:1)
  A wolf spider (Zig:14)
  An iron giant simulacrum (Coc:7)
  A dire elephant simulacrum (Coc:6)
  3 harpy simulacra (Coc:7)
  An ettin simulacrum (Coc:5)
  A naga simulacrum (Coc:7)
  An orc (Vaults:5)
  9 ball lightnings (Pan)
  3 creeping infernos
  2 foxfires (Abyss:3)
  23 starspawn tentacles
  4 tentacles (Hell)
72 creatures vanquished.

Grand Total: 5892 creatures vanquished

Notes
Turn   | Place    | Note
-------+----------+-------------------------------------------
     0 | D:1      | bananaken the Vine Stalker Fighter began the quest for the
                  | Orb.
     0 | D:1      | Reached XP level 1. HP: 11/11 MP: 2/2
    99 | D:1      | Reached XP level 2. HP: 16/16 MP: 3/3
   302 | D:1      | Found a faded altar of an unknown god.
   504 | D:2      | Reached XP level 3. HP: 20/20 MP: 4/4
  1328 | D:3      | Reached XP level 4. HP: 24/24 MP: 2/5
  1441 | D:3      | Found a shadowy altar of Dithmenos.
  1971 | D:4      | You fall into a shaft and drop 3 floors!
  1985 | D:7      | Identified the +1 pair of boots of Xetub {rC- Str+5}
  2023 | D:6      | Noticed a scorpion
  2028 | D:6      | Killed a scorpion
  2029 | D:6      | Reached skill level 1 in Stealth
  2029 | D:6      | Reached skill level 1 in Spellcasting
  2029 | D:6      | Reached XP level 5. HP: 28/28 MP: 7/7
  2055 | D:5      | Entered Level 5 of the Dungeon
  2060 | D:5      | Found a sacrificial altar of Ru.
  2081 | D:5      | Reached skill level 1 in Throwing
  2109 | D:5      | Found a stormy altar of Qazlal.
  2119 | D:5      | Noticed an ogre
  2126 | D:5      | Killed an ogre
  2127 | D:5      | Reached XP level 6. HP: 33/33 MP: 9/9
  2469 | D:4      | Reached XP level 7. HP: 37/37 MP: 11/11
  2635 | D:4      | Found a sparkling altar of Nemelex Xobeh.
  3032 | D:5      | Found a broken altar of Ashenzari.
  3035 | D:5      | Found an ancient bone altar of Kikubaaqudgha.
  3158 | D:5      | Reached skill level 5 in Short Blades
  3232 | D:5      | Found a staircase to the Ecumenical Temple.
  3268 | Temple   | Entered the Ecumenical Temple
  3314 | D:6      | Gained mutation: You have razor-sharp teeth. [Vine Stalker
                  | growth]
  3314 | D:6      | Reached XP level 8. HP: 20/42 MP: 3/13
  3475 | D:6      | Noticed Grinder
  3496 | D:6      | Killed Grinder
  3497 | D:6      | Reached skill level 1 in Evocations
  3567 | D:6      | Noticed Sigmund
  3569 | D:6      | Found a hide-covered altar of Uskayaw.
  3569 | D:6      | Found a shimmering blue altar of Sif Muna.
  3570 | D:6      | Found an iron altar of Okawaru.
  3596 | D:6      | Killed Sigmund
  3597 | D:6      | Reached skill level 5 in Fighting
  3608 | D:6      | Found a bloodstained altar of Trog.
  3611 | D:6      | Became a worshipper of Warmaster Okawaru
  3882 | D:6      | Reached skill level 1 in Invocations
  3925 | D:6      | Noticed Eustachio
  3938 | D:6      | Killed Eustachio
  3939 | D:6      | Reached XP level 9. HP: 36/47 MP: 11/14
  4149 | D:6      | Found a runed translucent door.
  4150 | D:6      | Noticed Crazy Yiuf
  4480 | D:7      | Reached * piety under Okawaru
  4528 | D:7      | Noticed Duvessa
  4528 | D:7      | Noticed Dowan
  4542 | D:7      | Killed Duvessa
  4544 | D:7      | Killed Dowan
  4878 | D:7      | Noticed Pikel
  4894 | D:7      | Killed Pikel
  4894 | D:7      | Reached ** piety under Okawaru
  5304 | D:7      | Found a hazy altar of Hepliaklqana.
  5603 | D:8      | Found a white marble altar of Elyvilon.
  5627 | D:8      | Reached skill level 5 in Throwing
  5641 | D:8      | Found a runed translucent door.
  5641 | D:8      | Noticed horus123's ghost (novice DECj)
  5641 | D:8      | Noticed a centaur warrior
  5692 | D:8      | Reached XP level 10. HP: 47/53 MP: 15/15
  5711 | D:8      | Found a flagged portal.
  5767 | Bailey   | Entered a bailey
  5943 | Bailey   | Found the sphere of Battle
  5945 | Bailey   | Found the +0 cloak of the Thief {Quiet Slay-3 SInv Stlth+}
  5954 | Bailey   | Identified the +2 broad axe "Tieth" {flame, Fly Dex+2}
  6125 | Bailey   | Noticed a gargoyle
  6139 | Bailey   | Killed a gargoyle
  6168 | Bailey   | Reached *** piety under Okawaru
  6263 | D:8      | Found an ornate altar of the Wu Jian Council.
  6853 | D:9      | Noticed Prince Ribbit
  6860 | D:9      | Killed Prince Ribbit
  6868 | D:9      | Found a staircase to the Lair.
  6886 | D:9      | Reached skill level 5 in Invocations
  7124 | D:9      | Found a staircase to the Orcish Mines.
  7134 | D:9      | Reached **** piety under Okawaru
  7278 | D:9      | Reached skill level 10 in Short Blades
  7278 | D:9      | Reached XP level 11. HP: 40/58 MP: 14/16
  7299 | D:9      | Noticed Grum
  7325 | D:9      | Killed Grum
  7778 | D:10     | Entered Level 10 of the Dungeon
  8176 | D:10     | Noticed a two-headed ogre
  8184 | D:10     | Killed a two-headed ogre
  8184 | D:10     | Reached ***** piety under Okawaru
  8695 | D:10     | Found a burning altar of Makhleb.
  9165 | D:11     | Noticed a sixfirhy
  9416 | D:12     | Received a gift from Okawaru
  9489 | D:12     | Noticed a cyclops
  9507 | D:12     | Killed a cyclops
  9774 | D:12     | Reached XP level 12. HP: 53/65 MP: 15/18
  9997 | D:11     | You fall into a shaft and drop 2 floors!
 10308 | D:11     | Received a gift from Okawaru
 11021 | D:11     | Received a gift from Okawaru
 11363 | Lair:1   | Entered Level 1 of the Lair of Beasts
 11848 | Lair:1   | Received a gift from Okawaru
 11922 | Lair:2   | Noticed a five-headed hydra
 11929 | Lair:2   | Killed a five-headed hydra
 11930 | Lair:2   | Reached XP level 13. HP: 72/72 MP: 20/20
 11960 | Lair:2   | Reached skill level 10 in Fighting
 12755 | Lair:3   | Reached ****** piety under Okawaru
 12757 | Lair:3   | Acquired the +0 cloak "Istifin" {rElec rPois rCorr Str-4}
 12757 | Lair:3   | Received a gift from Okawaru
 12764 | Lair:3   | Acquired the +11 quick blade of the Purse {flame, rF+}
 12764 | Lair:3   | Received a gift from Okawaru
 12905 | Lair:3   | Received a gift from Okawaru
 13036 | Lair:3   | Found a hole to the Spider Nest.
 13086 | Lair:3   | Reached skill level 10 in Invocations
 13158 | Lair:3   | Found a staircase to the Swamp.
 13409 | Lair:3   | Reached skill level 5 in Shields
 13491 | Lair:3   | Received a gift from Okawaru
 14331 | Lair:4   | Reached XP level 14. HP: 59/79 MP: 21/23
 14380 | Lair:4   | Received a gift from Okawaru
 14395 | Lair:4   | Found a dark tunnel.
 14414 | Volcano  | Entered a volcano
 14642 | Volcano  | Identified 3 scrolls of acquirement
 14642 | Volcano  | Acquired a manual of Spellcasting
 14988 | Lair:5   | Entered Level 5 of the Lair of Beasts
 15114 | Lair:5   | Received a gift from Okawaru
 15209 | Lair:5   | Found a staircase to the Slime Pits.
 15211 | Lair:5   | Found a viscous altar of Jiyva.
 15669 | Lair:5   | Received a gift from Okawaru
 16180 | Lair:5   | Learned a level 5 spell: Yara's Violent Unravelling
 16273 | Orc:1    | Entered Level 1 of the Orcish Mines
 16337 | Orc:1    | Found a frozen archway.
 16371 | IceCv    | Entered an ice cave
 16503 | IceCv    | Reached XP level 15. HP: 85/85 MP: 25/25
 16719 | IceCv    | Got the Atlas of Glaciation
 16721 | IceCv    | Got the ring "Goloudwo" {rC+ rN+ Str-5 Stlth+}
 16849 | IceCv    | Reached skill level 5 in Spellcasting
 16881 | IceCv    | Received a gift from Okawaru
 16902 | IceCv    | Found a viscous altar of Jiyva.
 16902 | IceCv    | Noticed an azure jelly
 16905 | IceCv    | Noticed an azure jelly
 16914 | IceCv    | Killed an azure jelly
 16920 | IceCv    | Killed an azure jelly
 16941 | IceCv    | Identified the ring "Sinkatum" {rPois rN+}
 17124 | Orc:1    | Acquired the +2 hat of Lami {+Inv Str+2 Stlth+}
 17304 | Orc:2    | Entered Level 2 of the Orcish Mines
 17377 | Orc:2    | Noticed Azrael
 17382 | Orc:2    | Found a staircase to the Elven Halls.
 17400 | Orc:2    | Killed Azrael
 17490 | Orc:2    | Noticed Josephine
 17501 | Orc:2    | Killed Josephine
 17501 | Orc:2    | Received a gift from Okawaru
 17797 | Orc:2    | Noticed Erolcha
 17807 | Orc:2    | Killed Erolcha
 17907 | Orc:2    | Found Icimug's Jewellery Boutique.
 17908 | Orc:2    | Found Peuhezitz's Magic Scroll Boutique.
 17908 | Orc:2    | Found Joclam Waism's Antique Armour Shop.
 17909 | Orc:2    | Found Ceax's Book Boutique.
 17918 | Orc:2    | Bought a dazzling chain mail for 266 gold pieces
 17918 | Orc:2    | Identified the +0 chain mail of Puckopp {rElec} (You bought
                  | it in a shop on level 2 of the Orcish Mines)
 17918 | Orc:2    | Bought an embroidered cloak for 210 gold pieces
 17919 | Orc:2    | Bought the amulet "Tahusm" {Acrobat rN+} for 618 gold
                  | pieces
 18030 | Orc:2    | Acquired 1010 gold pieces
 18100 | Orc:2    | Bought the ring of the Tortoise {AC+8} for 1920 gold pieces
 18100 | Orc:2    | Found the ring of the Tortoise {AC+8}
 18439 | D:13     | Found a gate to the Vaults.
 18477 | D:13     | Reached skill level 5 in Armour
 18543 | D:13     | Reached XP level 16. HP: 85/89 MP: 29/29
 19092 | D:14     | Received a gift from Okawaru
 19400 | D:14     | Found a glowing silver altar of Zin.
 19529 | D:14     | Reached skill level 10 in Shields
 19740 | D:14     | Found a basalt altar of Yredelemnul.
 19743 | D:14     | Found a shimmering altar of Xom.
 19743 | D:14     | Found a sparkling altar of Nemelex Xobeh.
 19745 | D:14     | Found a bloodstained altar of Trog.
 19745 | D:14     | Found a glowing golden altar of the Shining One.
 19745 | D:14     | Found a white marble altar of Elyvilon.
 19770 | D:15     | Entered Level 15 of the Dungeon
 19809 | D:15     | Found a staircase to the Depths.
 19899 | D:15     | Received a gift from Okawaru
 19938 | D:15     | Reached skill level 5 in Evocations
 20162 | D:15     | Reached skill level 10 in Spellcasting
 20368 | D:15     | Found a shadowy altar of Dithmenos.
 20720 | Swamp:1  | Entered Level 1 of the Swamp
 20875 | Swamp:1  | Learned a level 2 spell: Lesser Beckoning
 21401 | Swamp:1  | Noticed a tentacled monstrosity
 21423 | Swamp:1  | Killed a tentacled monstrosity
 21692 | Swamp:2  | Received a gift from Okawaru
 21843 | Swamp:2  | Noticed a thorn hunter
 21891 | Swamp:2  | Killed a thorn hunter
 22475 | Swamp:3  | Learned a level 5 spell: Borgnjor's Vile Clutch
 22601 | Swamp:3  | Reached XP level 17. HP: 94/94 MP: 33/33
 23023 | Swamp:3  | Received a gift from Okawaru
 23174 | Swamp:4  | Entered Level 4 of the Swamp
 23662 | Swamp:4  | Identified the +3 lajatang of Eternal War {antimagic, rElec
                  | rF+ Str+3}
 23670 | Swamp:4  | Received a gift from Okawaru
 24091 | Swamp:4  | Got a decaying rune of Zot
 24452 | Elf:1    | Entered Level 1 of the Elven Halls
 24452 | Elf:1    | Found a runed translucent gate.
 24452 | Elf:1    | Found a runed translucent gate.
 24452 | Elf:1    | Found a runed translucent gate.
 24452 | Elf:1    | Found a runed translucent gate.
 24452 | Elf:1    | Found a runed translucent gate.
 24452 | Elf:1    | Found a runed translucent gate.
 24739 | Vaults:1 | Entered Level 1 of the Vaults
 24767 | Vaults:1 | Reached skill level 1 in Dodging
 24795 | Vaults:1 | Found Rofuuq's Armour Shop.
 24847 | Vaults:1 | Reached XP level 18. HP: 100/100 MP: 36/36
 24983 | Vaults:1 | Found a magical portal.
 24996 | WizLab   | Entered The Roulette of Golubria
 24996 | WizLab   | Found a transporter.
 25003 | WizLab   | Found the +1 cloak of Starlight {*Dazzle EV+4 Stlth--}
 25003 | WizLab   | Found a corrupted altar of Lugonu.
 25031 | WizLab   | Found a corrupted altar of Lugonu.
 25198 | WizLab   | Reached skill level 1 in Translocations
 25213 | WizLab   | Found a transporter.
 25224 | WizLab   | Found a transporter.
 25243 | WizLab   | Found a transporter.
 25333 | WizLab   | Found a corrupted altar of Lugonu.
 25336 | WizLab   | Found a transporter.
 25343 | WizLab   | Noticed a profane servitor
 25359 | WizLab   | Gained mutation: You are vulnerable to cold. (rC-) [a
                  | shining eye]
 25383 | WizLab   | Killed a profane servitor
 25396 | WizLab   | Received a gift from Okawaru
 25412 | WizLab   | Found a transporter.
 25412 | WizLab   | Found a transporter.
 25448 | WizLab   | Found a transporter.
 25562 | WizLab   | Lost mutation: You are vulnerable to cold. (rC-) [potion of
                  | mutation]
 25562 | WizLab   | Gained mutation: You passively map a small area around you.
                  | [potion of mutation]
 25583 | WizLab   | Found a transporter.
 25600 | WizLab   | Paralysed by accursed screaming for 1 turns
 25635 | WizLab   | Found a transporter.
 25637 | WizLab   | Found a transporter.
 25780 | WizLab   | Identified the +1 cloak of the Pirate {rPois Dex+4}
 25797 | WizLab   | Got Tuupog's Papyrus of the Excursion
 25807 | WizLab   | Identified the +1 cloak of Zasuhoom {rCorr}
 25896 | WizLab   | Found a transporter.
 25896 | WizLab   | Noticed a tentacled monstrosity
 25899 | WizLab   | Found a transporter.
 25915 | WizLab   | Killed a tentacled monstrosity
 25929 | WizLab   | Found a transporter.
 25929 | WizLab   | Found a transporter.
 25983 | WizLab   | Found a transporter.
 25984 | WizLab   | Found a transporter.
 26057 | WizLab   | Found a transporter.
 26057 | WizLab   | Found a transporter.
 26968 | Vaults:2 | Noticed Zenata
 26993 | Vaults:2 | Killed Zenata
 27007 | Vaults:2 | Received a gift from Okawaru
 27076 | Vaults:2 | Reached skill level 5 in Translocations
 27076 | Vaults:2 | Noticed Saint Roka
 27223 | Vaults:2 | Noticed Margery
 27224 | Vaults:2 | Noticed Jory
 27232 | Vaults:2 | Noticed a searing wretch
 27236 | Arena    | Entered the Arena
 27388 | Vaults:2 | HP: 6/150 [orc knight/+3 dire flail[Saint Roka] (3)]
 27389 | Vaults:2 | HP: 1/150 [Saint Roka/divine providence (5)]
 27735 | Vaults:2 | Learned a level 4 spell: Passage of Golubria
 27744 | Vaults:2 | Reached XP level 19. HP: 104/104 MP: 38/38
 27892 | Vaults:2 | Noticed Xtahua
 27910 | Vaults:2 | Killed Xtahua
 27922 | Vaults:2 | Reached skill level 5 in Dodging
 27954 | Vaults:2 | Killed Saint Roka
 28028 | Vaults:2 | Found a transporter.
 28046 | Vaults:2 | Found a transporter.
 28439 | Vaults:2 | Killed Jory
 28440 | Vaults:2 | Reached skill level 15 in Spellcasting
 28660 | Vaults:3 | Got the Codex of Cold Clay
 28669 | Vaults:3 | You fall into a shaft and drop 1 floor!
 28744 | Vaults:4 | Reached skill level 10 in Evocations
 28792 | Vaults:4 | Found Ehan's Magic Scroll Shop.
 28818 | Vaults:4 | Found a flickering gateway to a bazaar.
 28823 | Bazaar   | Entered a bazaar
 28826 | Bazaar   | Found Noolaaki's Book Shop.
 28839 | Bazaar   | Found Kexolo's Armour Shop.
 28853 | Bazaar   | Found Wobul's Armour Shop.
 28884 | Bazaar   | Found Ydeaw's Assorted Antiques.
 28890 | Bazaar   | Bought a transparent helmet for 228 gold pieces
 28890 | Bazaar   | Identified the +2 helmet of the Sky {-Cast rElec rC+++ rN+}
                  | (You bought it in a shop in a bazaar)
 28911 | Bazaar   | Bought a +2 pair of boots of rampaging for 129 gold pieces
 29043 | Vaults:3 | Received a gift from Okawaru
 29085 | Vaults:3 | Found Askylat's Antique Weapon Boutique.
 29177 | Vaults:3 | Found a crumbling gateway.
 29185 | Desolati | Entered the Desolation of Salt
 29363 | Desolati | Identified the +0 chain mail of Quantum Leap {Rampage +Inv
                  | Fly rC-}
 29615 | Desolati | Got the Enchiridion on Black Secrets and the Xenolith
 29625 | Desolati | Learned a level 1 spell: Apportation
 29629 | Desolati | Learned a level 3 spell: Teleport Other
 29634 | Desolati | Identified the +10 mace of the Beast {holy, SInv}
 29669 | Desolati | Reached skill level 10 in Translocations
 29838 | Desolati | Got Ygoof's Book of Inflammable Imprecation
 30203 | Vaults:3 | Noticed a bone dragon
 30225 | Vaults:3 | Killed a bone dragon
 30226 | Vaults:3 | Reached XP level 20. HP: 103/109 MP: 37/40
 30237 | Vaults:3 | Found a staircase to the Crypt.
 31084 | Vaults:3 | Paralysed by a formless jellyfish for 1 turns
 31428 | Crypt:1  | Entered Level 1 of the Crypt
 31556 | Crypt:1  | Received a gift from Okawaru
 31703 | Crypt:1  | Found a runed translucent gate.
 31709 | Crypt:1  | Found a runed translucent gate.
 31710 | Crypt:1  | Found a runed translucent gate.
 31712 | Crypt:1  | Noticed Uroast's ghost (veteran MiGl)
 32217 | Crypt:1  | Noticed Bai Suzhen
 32244 | Crypt:1  | Killed Bai Suzhen
 32526 | Elf:1    | Found a runed translucent door.
 32536 | Elf:1    | Found a runed translucent door.
 32635 | Elf:1    | Noticed Palms's ghost (adept BaBe)
 32643 | Elf:1    | Found a runed translucent gate.
 32643 | Elf:1    | Found a runed translucent gate.
 32644 | Elf:1    | Found a runed translucent gate.
 32769 | Elf:1    | Noticed Kirke
 32783 | Elf:1    | Killed Kirke
 33150 | Elf:1    | Noticed Agnes
 33162 | Elf:1    | Killed Agnes
 33290 | Elf:1    | Found Buzusot's Antique Armour Shop.
 33630 | Elf:2    | Found a portal to a secret trove of treasure.
 33796 | Elf:2    | Identified the serpent talisman of Bangit {*Slow SInv
                  | Stlth+}
 33796 | Elf:2    | Noticed Aizul
 33810 | Elf:2    | Killed Aizul
 33906 | Elf:2    | Paralysed by an air elemental for 1 turns
 33980 | Elf:2    | Received a gift from Okawaru
 33992 | Elf:2    | Reached XP level 21. HP: 114/114 MP: 41/41
 34035 | Elf:2    | Found a runed translucent gate.
 34036 | Elf:2    | Found a runed translucent gate.
 34037 | Elf:2    | Found a runed translucent gate.
 34435 | Elf:3    | Entered Level 3 of the Elven Halls
 34444 | Elf:3    | Found Roatuca's Armour Shoppe.
 34450 | Elf:3    | Found Dith's Armour Boutique.
 34794 | Elf:3    | Reached skill level 15 in Shields
 34868 | Elf:3    | Received a gift from Okawaru
 34973 | Elf:3    | Identified the amulet of Suspected Treachery {Acrobat
                  | +Blink Stlth+}
 34982 | Elf:3    | Identified the +0 robe "Cishu" {rC+ Dex+2}
 35155 | Elf:3    | Identified the +0 ring mail of the Fiend {rPois}
 35199 | Elf:3    | Got the Incunable of Glowing Distillation
 35348 | Elf:3    | Reached skill level 10 in Armour
 35444 | Elf:3    | Identified the +6 chain mail "Leteelot" {Dex+4}
 35786 | Spider:1 | Entered Level 1 of the Spider Nest
 36021 | Elf:1    | Killed Palms's ghost
 36025 | Elf:1    | Received a gift from Okawaru
 37231 | Spider:2 | Received a gift from Okawaru
 37637 | Spider:2 | Reached XP level 22. HP: 114/121 MP: 42/42
 37648 | Spider:2 | Reached skill level 15 in Fighting
 37910 | Spider:3 | Identified the +10 long sword of the Evening {freeze,
                  | Will+}
 37915 | Spider:3 | Reached skill level 10 in Throwing
 38304 | Spider:3 | Received a gift from Okawaru
 38638 | Spider:4 | Entered Level 4 of the Spider Nest
 38747 | Spider:4 | Found a runed translucent gate.
 38747 | Spider:4 | Found a runed translucent gate.
 38747 | Spider:4 | Found a runed translucent gate.
 38747 | Spider:4 | Noticed AutarchDCSS's ghost (adept DrCK)
 38875 | Spider:4 | Killed AutarchDCSS's ghost
 38929 | Spider:4 | Identified the +1 cloak of the Wumpus {rElec rN++ Will-
                  | Str+3}
 39099 | Spider:4 | Identified the +1 battleaxe of Friendship {holy, Str+2}
 39147 | Spider:4 | Received a gift from Okawaru
 39584 | Spider:4 | Identified the +2 pair of gloves "Komi" {Rampage rC++
                  | Stlth-}
 40109 | Vaults:2 | Received a gift from Okawaru
 40131 | Vaults:2 | Killed Margery
 40208 | Vaults:2 | Identified the +0 pair of boots of Inviolability {Str+3
                  | SInv Stlth+}
 40558 | Vaults:4 | Bought a scroll of teleportation for 42 gold pieces
 40558 | Vaults:4 | Bought a scroll of revelation for 105 gold pieces
 40558 | Vaults:4 | Bought a scroll of blinking for 105 gold pieces
 40702 | Vaults:4 | Reached XP level 23. HP: 128/128 MP: 43/43
 40992 | Vaults:4 | Identified the +2 sling of Malum Prohibitum {speed, rF++
                  | Will++ Dex-5}
 41344 | Vaults:5 | Entered Level 5 of the Vaults
 41355 | Vaults:4 | Received a gift from Okawaru
 41581 | Vaults:5 | Identified the ring "Somuas" {rN+ Int+5}
 41596 | Vaults:5 | Noticed a golden dragon
 41603 | Vaults:5 | Killed a golden dragon
 41628 | Vaults:5 | Received a gift from Okawaru
 41653 | Vaults:5 | Noticed an ancient lich
 41677 | Vaults:5 | Killed an ancient lich
 41748 | Vaults:5 | Identified the +10 dagger "Wonuli" {flame, rF+ Will+ Dex+3}
 41843 | Vaults:5 | Identified the staff "Tydin" {Int+3 Conj Ice Alchemy}
 41844 | Vaults:5 | Noticed a golden dragon
 41857 | Vaults:5 | Killed a golden dragon
 41889 | Vaults:5 | Received a gift from Okawaru
 41898 | Vaults:5 | Identified the +5 morningstar "Puxown" {freeze, rF+ rN+}
 42214 | Vaults:5 | Reached XP level 24. HP: 127/135 MP: 41/43
 42350 | Vaults:5 | Received a gift from Okawaru
 42465 | Vaults:5 | Identified the staff of the Original Sin {rC+ rCorr Int-2
                  | Dex-4 Necro Ice}
 42653 | Vaults:5 | Identified the +12 plate armour of Pihafoem {rN++ Str-3
                  | Int-3 Dex+2}
 42656 | Vaults:5 | Identified the scarf of Resonance {shadows, Int+4}
 42868 | Vaults:5 | Got a silver rune of Zot
 43006 | Vaults:5 | Identified the staff "Piest" {rCorr Stlth+ Earth}
 43716 | Spider:4 | Got a gossamer rune of Zot
 44116 | Depths:1 | Entered Level 1 of the Depths
 44144 | Depths:1 | Found Urestr Voagi's Antique Armour Emporium.
 44196 | Depths:1 | Noticed Sojobo
 44225 | Depths:1 | Killed Sojobo
 44583 | Depths:1 | Found a one-way gate to the infinite horrors of the Abyss.
 44646 | Depths:1 | Found a gateway to Hell.
 44786 | Depths:1 | Got Taadd's Folio of Quickened Lava
 45432 | Depths:2 | Received a gift from Okawaru
 45495 | Depths:2 | You fall into a shaft and drop 2 floors!
 45495 | Depths:4 | Entered Level 4 of the Depths
 45511 | Depths:4 | Noticed Mennas
 45516 | Arena    | Entered the Arena
 45536 | Arena    | Killed Mennas
 45752 | Depths:4 | Found a one-way gateway to a ziggurat.
 45946 | Depths:3 | Found Yphewnei's General Store.
 45951 | Depths:3 | Bought a scroll of teleportation for 51 gold pieces
 45951 | Depths:3 | Bought a potion of curing for 51 gold pieces
 45951 | Depths:3 | Bought a scroll of silence for 161 gold pieces
 45978 | Depths:3 | Found Hockuh's Antique Armour Shop.
 46154 | Depths:3 | Reached XP level 25. HP: 131/142 MP: 43/43
 46202 | Depths:3 | Found a flickering gateway to a bazaar.
 46227 | Bazaar   | Entered a bazaar
 46228 | Bazaar   | Found Ule Uner's Distillery.
 46228 | Bazaar   | Found Tinodibb's Assorted Antiques.
 46229 | Bazaar   | Found Fuotizost's Antique Weapon Boutique.
 46257 | Bazaar   | Bought a potion of invisibility for 120 gold pieces
 46257 | Bazaar   | Bought a potion of resistance for 150 gold pieces
 46260 | Bazaar   | Found Zeri's Magic Scroll Shop.
 46268 | Bazaar   | Bought a scroll of fog for 36 gold pieces
 46268 | Bazaar   | Bought a scroll of enchant armour for 67 gold pieces
 46268 | Bazaar   | Bought 2 scrolls of acquirement for 936 gold pieces
 46332 | Depths:3 | Received a gift from Okawaru
 46364 | Depths:3 | Bought the -2 hat of the Alchemist {rElec rPois rF+ rC+ rN+
                  | Will+ rMut rCorr} for 1604 gold pieces
 46364 | Depths:3 | Found the -2 hat of the Alchemist {rElec rPois rF+ rC+ rN+
                  | Will+ rMut rCorr}
 46552 | Depths:3 | Found Gozag's Assorted Antiques.
 46568 | Depths:3 | Found Gozag's Antique Weapon Shoppe.
 46568 | Depths:3 | Found an opulent altar of Gozag.
 46592 | Depths:3 | Found Gozag's Antique Weapon Emporium.
 46752 | Depths:3 | Found Witheom's Magic Scroll Emporium.
 46775 | Depths:3 | Bought a scroll of silence for 152 gold pieces
 46775 | Depths:3 | Bought a scroll of teleportation for 48 gold pieces
 46775 | Depths:3 | Bought a scroll of acquirement for 832 gold pieces
 46775 | Depths:3 | Acquired a manual of Shapeshifting
 46925 | Depths:3 | Reached skill level 1 in Shapeshifting
 47336 | Depths:2 | Found an ancient bone altar of Kikubaaqudgha.
 47415 | Depths:2 | Found a one-way gate leading to the halls of Pandemonium.
 47649 | Depths:2 | Identified the ring of Ivubuts {Fire rElec Str+6 Int+3}
 47650 | Depths:2 | Identified the ring "Foedeunedgh" {rF+ Int+3 SInv}
 47763 | Depths:2 | Acquired the amulet of Autotheism {Reflect ^Fragile rC+
                  | Regen+ Int+7 SH+5}
 47795 | Depths:2 | Acquired 711 gold pieces
 47907 | Depths:4 | Received a gift from Okawaru
 48072 | Depths:4 | Found a gate to the Realm of Zot.
 48108 | Depths:4 | Reached skill level 5 in Shapeshifting
 48142 | Depths:4 | Identified the +3 robe of Farphioba {Will++}
 48142 | Depths:4 | Noticed Boris
 48151 | Depths:4 | Killed Boris
 48151 | Depths:4 | Received a gift from Okawaru
 48306 | Depths:4 | Noticed a juggernaut
 48316 | Depths:4 | Killed a juggernaut
 48874 | Temple   | Fell from the grace of Okawaru
 48874 | Temple   | Became a worshipper of the Shining One
 49098 | Vaults:2 | Reached skill level 15 in Throwing
 49284 | Crypt:2  | Reached * piety under the Shining One
 49463 | Crypt:2  | Reached ** piety under the Shining One
 49694 | Crypt:2  | Reached *** piety under the Shining One
 50072 | Crypt:3  | Entered Level 3 of the Crypt
 50137 | Crypt:3  | Reached XP level 26. HP: 143/149 MP: 42/43
 50180 | Crypt:3  | Reached **** piety under the Shining One
 50294 | Crypt:3  | Identified the staff of Ambiguity {rN+ Str+4 Necro}
 50339 | Crypt:3  | Reached skill level 15 in Armour
 50374 | Crypt:3  | Found a staircase to the Tomb.
 50398 | Crypt:3  | Reached ***** piety under the Shining One
 50444 | Crypt:3  | Identified the +2 scale mail of Abuihom {+Blink rC+ rN+}
 50959 | Crypt:3  | Found an ancient bone altar of Kikubaaqudgha.
 50969 | Crypt:3  | Reached ****** piety under the Shining One
 51880 | Slime:1  | Entered Level 1 of the Pits of Slime
 51923 | Slime:2  | Noticed Dissolution
 51928 | Slime:2  | Killed Dissolution
 52036 | Slime:3  | Gained mutation: You sometimes lose your temper in combat.
                  | [a shining eye]
 52075 | Slime:2  | Lost mutation: You passively map a small area around you.
                  | [potion of mutation]
 52075 | Slime:2  | Lost mutation: You sometimes lose your temper in combat.
                  | [potion of mutation]
 52075 | Slime:2  | Gained mutation: You are partially covered in iridescent
                  | scales. (AC +2) [potion of mutation]
 52075 | Slime:2  | Gained mutation: Armour fits poorly on your strangely
                  | shaped body. [potion of mutation]
 52075 | Slime:2  | Gained mutation: You are weak. (Str -2) [potion of
                  | mutation]
 52076 | Slime:2  | Lost mutation: You are partially covered in iridescent
                  | scales. (AC +2) [potion of mutation]
 52076 | Slime:2  | Lost mutation: Armour fits poorly on your strangely shaped
                  | body. [potion of mutation]
 52076 | Slime:2  | Gained mutation: You have sharp toenails. [potion of
                  | mutation]
 52076 | Slime:2  | Gained mutation: You are robust. (+10% HP) [potion of
                  | mutation]
 52076 | Slime:2  | Gained mutation: You have hidden genetic defects. [potion
                  | of mutation]
 52077 | Slime:2  | Lost mutation: You have hidden genetic defects. [potion of
                  | mutation]
 52077 | Slime:2  | Lost mutation: You are robust. (+10% HP) [potion of
                  | mutation]
 52077 | Slime:2  | Lost mutation: You are weak. (Str -2) [potion of mutation]
 52077 | Slime:2  | Gained mutation: You are agile. (Dex +4, Str/Int -1)
                  | [potion of mutation]
 52077 | Slime:2  | Gained mutation: You are very agile. (Dex +8, Str/Int -2)
                  | [potion of mutation]
 52193 | Slime:5  | Entered Level 5 of the Pits of Slime
 52283 | Slime:5  | Found a viscous altar of Jiyva.
 52284 | Slime:5  | Noticed the Royal Jelly
 52303 | Slime:5  | Killed the Royal Jelly
 52319 | Slime:5  | Found the +10 Black Knight's barding {ponderous, rPois rN+}
 52350 | Slime:5  | Found the ring of the Mage {Wiz Archmagi}
 52351 | Slime:5  | Got a starry gem with 226 turns to spare
 52362 | Slime:5  | Got a slimy rune of Zot
 52363 | Slime:5  | Identified the ring of Duino {Ice rElec Will+ Str+3 Int-2
                  | Slay+4}
 52385 | Slime:5  | Reached skill level 10 in Shapeshifting
 52505 | Slime:5  | Identified the amulet "Qaot" {Reflect Fly rC+ Int-2 SH+5}
 52511 | Slime:5  | Got Sif Muna's Papyrus of Leadership
 52513 | Slime:5  | Got the Elucidation of Displacement
 52522 | Slime:5  | Learned a level 7 spell: Manifold Assault
 52529 | Slime:5  | Learned a level 2 spell: Blink
 52563 | Slime:5  | Acquired 750 gold pieces
 52608 | Slime:5  | Identified the +1 shortbow of Bloody Death {freeze, Str+3}
 53342 | Depths:1 | Voluntarily entered the Abyss.
 53410 | Abyss:2  | Found a corrupted altar of Lugonu.
 53435 | Abyss:2  | Found a corrupted altar of Lugonu.
 53513 | Abyss:2  | Noticed an ancient lich
 53520 | Abyss:2  | Killed an ancient lich
 53529 | Abyss:3  | Found a corrupted altar of Lugonu.
 53788 | Abyss:3  | Found a corrupted altar of Lugonu.
 53801 | Abyss:3  | Reached skill level 1 in Long Blades
 53975 | Abyss:3  | Reached XP level 27. HP: 155/155 MP: 43/43
 54209 | Abyss:3  | Gained mutation: You are partially covered in iridescent
                  | scales. (AC +2) [a neqoxec]
 54546 | Depths:1 | Escaped the Abyss
 54548 | Depths:1 | Voluntarily entered the Abyss.
 54557 | Abyss:3  | Found a corrupted altar of Lugonu.
 54579 | Abyss:3  | Found a corrupted altar of Lugonu.
 54588 | Abyss:3  | Found a corrupted altar of Lugonu.
 54588 | Abyss:3  | Found a corrupted altar of Lugonu.
 54889 | Depths:1 | Escaped the Abyss
 54891 | Depths:1 | Voluntarily entered the Abyss.
 55181 | Depths:1 | Escaped the Abyss
 55183 | Depths:1 | Voluntarily entered the Abyss.
 55224 | Abyss:4  | Found a corrupted altar of Lugonu.
 55310 | Depths:1 | Escaped the Abyss
 55373 | Depths:1 | Voluntarily entered the Abyss.
 55379 | Abyss:4  | Found a corrupted altar of Lugonu.
 55381 | Abyss:4  | Paralysed by accursed screaming for 1 turns
 55457 | Abyss:4  | Found a corrupted altar of Lugonu.
 55483 | Abyss:4  | Reached skill level 5 in Long Blades
 55488 | Depths:1 | Escaped the Abyss
 55492 | Depths:1 | Voluntarily entered the Abyss.
 55611 | Abyss:4  | Found a corrupted altar of Lugonu.
 55657 | Abyss:4  | Got an abyssal rune of Zot
 55695 | Depths:1 | Escaped the Abyss
 55813 | Zot:1    | Entered Level 1 of the Realm of Zot
 56376 | Vaults:1 | Was forgiven by Okawaru
 56585 | Vaults:5 | Identified a +9 eudemon blade of holy wrath (a +7 demon
                  | blade blessed by the Shining One)
 56585 | Vaults:5 | Received a gift from the Shining One
 58071 | Zot:2    | Found a shimmering altar of Xom.
 58698 | Zot:3    | Identified the +5 scale mail of the Shining Light {Str+5}
 60537 | Zot:5    | Entered Level 5 of the Realm of Zot
 61051 | Zot:5    | Noticed an ancient lich
 61069 | Zot:5    | Killed an ancient lich
 61125 | Zot:5    | Noticed a dread lich
 61133 | Zot:5    | Killed a dread lich
 61134 | Zot:5    | Reached skill level 15 in Shapeshifting
 61135 | Zot:5    | Noticed an orb of fire
 61138 | Zot:5    | Gained mutation: You have hidden genetic defects. [an orb
                  | of fire]
 61139 | Zot:5    | Noticed an orb of fire
 61142 | Zot:5    | Gained mutation: You occasionally lose the ability to read
                  | scrolls when taking damage. [an orb of fire]
 61172 | Zot:5    | Killed an orb of fire
 61183 | Zot:5    | Killed an orb of fire
 61260 | Zot:5    | Noticed an orb of fire
 61261 | Zot:5    | Noticed an orb of fire
 61278 | Zot:5    | Killed an orb of fire
 61278 | Zot:5    | Noticed an orb of fire
 61278 | Zot:5    | Noticed an orb of fire
 61288 | Zot:5    | Killed an orb of fire
 61295 | Zot:5    | Gained mutation: Your body sometimes deteriorates upon
                  | taking damage. [hidden defects]
 61300 | Zot:5    | Killed an orb of fire
 61309 | Zot:5    | Killed an orb of fire
 61326 | Zot:5    | Noticed an orb of fire
 61327 | Zot:5    | Gained mutation: You sometimes lose the ability to read
                  | scrolls when taking damage. [an orb of fire]
 61334 | Zot:5    | Killed an orb of fire
 61339 | Zot:5    | Reached skill level 15 in Translocations
 61389 | Zot:5    | Noticed a dread lich
 61396 | Zot:5    | Killed a dread lich
 61397 | Zot:5    | Noticed a dread lich
 61409 | Zot:5    | Killed a dread lich
 61587 | Zot:5    | Lost mutation: You sometimes lose the ability to read
                  | scrolls when taking damage. [potion of mutation]
 61587 | Zot:5    | Lost mutation: You are partially covered in iridescent
                  | scales. (AC +2) [potion of mutation]
 61588 | Zot:5    | Lost mutation: Your body sometimes deteriorates upon taking
                  | damage. [potion of mutation]
 61588 | Zot:5    | Lost mutation: You have hidden genetic defects. [potion of
                  | mutation]
 61588 | Zot:5    | Lost mutation: You are very agile. (Dex +8, Str/Int -2)
                  | [potion of mutation]
 61588 | Zot:5    | Lost mutation: You are agile. (Dex +4, Str/Int -1) [potion
                  | of mutation]
 61588 | Zot:5    | Gained mutation: You are frail. (-10% HP) [potion of
                  | mutation]
 61589 | Zot:5    | Lost mutation: You have sharp toenails. [potion of
                  | mutation]
 61589 | Zot:5    | Lost mutation: You occasionally lose the ability to read
                  | scrolls when taking damage. [potion of mutation]
 61589 | Zot:5    | Lost mutation: You are frail. (-10% HP) [potion of
                  | mutation]
 61589 | Zot:5    | Gained mutation: You occasionally shout uncontrollably at
                  | your foes. [potion of mutation]
 61590 | Zot:5    | Lost mutation: You occasionally shout uncontrollably at
                  | your foes. [potion of mutation]
 61792 | Hell     | Entered the Vestibule of Hell
 61792 | Hell     | Noticed Geryon
 61875 | Hell     | Killed Geryon
 62127 | Hell     | Found a gateway to the freezing wastes of Cocytus.
 62205 | Hell     | Found a gateway to the decaying netherworld of Tartarus.
 62275 | Hell     | Found a gateway to the ashen valley of Gehenna.
 62369 | Hell     | Found a gateway to the Iron City of Dis.
 62957 | Tomb:1   | Entered Level 1 of the Tomb of the Ancients
 63251 | Tomb:1   | Noticed a royal mummy
 63258 | Tomb:1   | Killed a royal mummy
 63274 | Tomb:1   | Noticed a royal mummy
 63287 | Tomb:1   | Noticed a royal mummy
 63297 | Tomb:1   | Killed a royal mummy
 63318 | Tomb:1   | Killed a royal mummy
 63436 | Tomb:1   | Identified the +9 glaive "Pof Gasa" {holy, Int+4}
 63749 | Tomb:2   | Identified the +4 robe "Ogewnehy" {Will+ Int+3 Stlth+}
 63749 | Tomb:2   | Noticed Boris
 63751 | Tomb:2   | Noticed a royal mummy
 63751 | Tomb:2   | Noticed a royal mummy
 63751 | Tomb:2   | Noticed a royal mummy
 63751 | Tomb:2   | Noticed a royal mummy
 63791 | Tomb:2   | Killed Boris
 63795 | Tomb:2   | Killed a royal mummy
 63799 | Tomb:2   | Killed a royal mummy
 63818 | Tomb:2   | Killed a royal mummy
 63827 | Tomb:2   | Killed a royal mummy
 63860 | Tomb:2   | Identified the +8 trident "Hanoop" {elec, Will+ Str+3}
 63883 | Tomb:2   | Learned a level 6 spell: Dispersal
 64171 | Tomb:1   | Noticed a royal mummy
 64171 | Tomb:1   | Noticed a royal mummy
 64175 | Tomb:1   | Noticed a royal mummy
 64175 | Tomb:1   | Noticed a royal mummy
 64176 | Tomb:1   | Killed a royal mummy
 64176 | Tomb:1   | Noticed a royal mummy
 64176 | Tomb:1   | Noticed a royal mummy
 64177 | Tomb:1   | Noticed a royal mummy
 64179 | Tomb:1   | Noticed a royal mummy
 64180 | Tomb:1   | Killed a royal mummy
 64185 | Tomb:1   | Killed a royal mummy
 64191 | Tomb:1   | Killed a royal mummy
 64198 | Tomb:1   | Noticed a royal mummy
 64202 | Tomb:1   | Killed a royal mummy
 64207 | Tomb:1   | Killed a royal mummy
 64210 | Tomb:1   | Killed a royal mummy
 64214 | Tomb:1   | Killed a royal mummy
 64219 | Tomb:1   | Killed a royal mummy
 64243 | Tomb:1   | Noticed a royal mummy
 64250 | Tomb:1   | Killed a royal mummy
 64294 | Tomb:1   | Noticed a royal mummy
 64301 | Tomb:1   | Killed a royal mummy
 64334 | Tomb:1   | Noticed a royal mummy
 64353 | Tomb:1   | Killed a royal mummy
 64377 | Tomb:1   | Noticed a royal mummy
 64384 | Tomb:1   | Killed a royal mummy
 64404 | Tomb:1   | Noticed a royal mummy
 64409 | Tomb:1   | Killed a royal mummy
 64414 | Tomb:1   | Noticed a royal mummy
 64421 | Tomb:1   | Killed a royal mummy
 64442 | Tomb:1   | Noticed a royal mummy
 64448 | Tomb:1   | Noticed a royal mummy
 64450 | Tomb:1   | Noticed a royal mummy
 64456 | Tomb:1   | Killed a royal mummy
 64458 | Tomb:1   | Noticed a royal mummy
 64460 | Tomb:1   | Killed a royal mummy
 64460 | Tomb:1   | Noticed a royal mummy
 64465 | Tomb:1   | Killed a royal mummy
 64465 | Tomb:1   | Noticed a royal mummy
 64466 | Tomb:1   | Noticed a royal mummy
 64472 | Tomb:1   | Killed a royal mummy
 64476 | Tomb:1   | Killed a royal mummy
 64480 | Tomb:1   | Killed a royal mummy
 64483 | Tomb:1   | Killed a royal mummy
 64610 | Tomb:2   | Reached skill level 15 in Short Blades
 64689 | Tomb:3   | Entered Level 3 of the Tomb of the Ancients
 64723 | Tomb:3   | Noticed a royal mummy
 64728 | Tomb:3   | Noticed a royal mummy
 64782 | Tomb:3   | Killed a royal mummy
 64824 | Tomb:3   | Noticed a royal mummy
 64825 | Tomb:3   | Noticed a royal mummy
 64835 | Tomb:3   | Killed a royal mummy
 64837 | Tomb:3   | Killed a royal mummy
 64843 | Tomb:3   | Killed a royal mummy
 64908 | Tomb:3   | Identified the +8 flail of the Thing {antimagic, rPois
                  | Str+5}
 64943 | Tomb:3   | Identified the +6 mace of Disembowelment {freeze, ^Contam
                  | rF++ SInv Stlth+}
 64946 | Tomb:3   | Identified the +7 orcbow of Prescription {elec, MP+9 Str-2
                  | Int+5 Dex+3}
 65091 | Tomb:3   | Identified the +3 rapier "Asmihuruh" {venom, ^Fragile rCorr
                  | SInv Stlth+}
 65304 | Tomb:3   | Noticed a royal mummy
 65305 | Tomb:3   | Noticed a royal mummy
 65309 | Tomb:3   | Noticed a royal mummy
 65312 | Tomb:3   | Noticed a royal mummy
 65314 | Tomb:3   | Killed a royal mummy
 65403 | Tomb:3   | Got a golden rune of Zot
 65577 | Crypt:3  | Upgraded the game from 0.32-a0-938-g40ac7a0f4d to
                  | 0.32-a0-953-g508020473e
 66023 | Elf:2    | You paid a toll of 5 potions of resistance to enter a
                  | treasure trove
 66024 | Trove    | Entered a treasure trove
 66051 | Trove    | Identified the amulet of Dithmenos, Dancing {Reflect
                  | Rampage SH+5}
 66080 | Trove    | Identified the amulet "Geukez" {Reflect rF+ SH+5}
 66933 | Pan      | Entered Pandemonium
 66963 | Pan      | Reached skill level 1 in Alchemy
 66967 | Pan      | Noticed Xoaptih the pandemonium lord
 66986 | Pan      | Reached skill level 1 in Hexes
 66988 | Pan      | Killed Xoaptih the pandemonium lord
 67455 | Pan      | Got a demonic rune of Zot
 67859 | Pan      | Found a transporter.
 68139 | Pan      | Reached skill level 5 in Alchemy
 68210 | Pan      | Found a transporter.
 68406 | Pan      | Gained mutation: You are clumsy. (Dex -2) [a cacodemon]
 68407 | Pan      | Gained mutation: You sometimes lose your temper in combat.
                  | [a cacodemon]
 68407 | Pan      | Gained mutation: Your body sometimes deteriorates upon
                  | taking damage. [mutagenic glow]
 68423 | Pan      | Gained mutation: Your body often deteriorates upon taking
                  | damage. [mutagenic glow]
 68425 | Pan      | Gained mutation: You occasionally shout uncontrollably at
                  | your foes. [you]
 68478 | Pan      | Lost mutation: You occasionally shout uncontrollably at
                  | your foes. [potion of mutation]
 68478 | Pan      | Lost mutation: You are clumsy. (Dex -2) [potion of
                  | mutation]
 68478 | Pan      | Gained mutation: You are covered in fur. (AC +1) [potion of
                  | mutation]
 68479 | Pan      | Lost mutation: Your body often deteriorates upon taking
                  | damage. [potion of mutation]
 68479 | Pan      | Lost mutation: Your body sometimes deteriorates upon taking
                  | damage. [potion of mutation]
 68479 | Pan      | Lost mutation: You sometimes lose your temper in combat.
                  | [potion of mutation]
 68479 | Pan      | Gained mutation: Your muscles are strong. (Str +4, Int/Dex
                  | -1) [potion of mutation]
 68479 | Pan      | Gained mutation: Your muscles are very strong. (Str +8,
                  | Int/Dex -2) [potion of mutation]
 68549 | Pan      | Identified an amulet of Dezopa {rC- RegenMP+ Dex+4 SInv}
 68553 | Pan      | Identified the +8 plate armour of Farfalle {rF+}
 68565 | Pan      | Identified the ring "Biazuagg" {AC+4 Dex+3 Stlth+}
 68687 | Pan      | Noticed Bafah the pandemonium lord
 68736 | Pan      | Killed Bafah the pandemonium lord
 69405 | Pan      | Reached skill level 5 in Hexes
 69856 | Pan      | Identified the orb of Trial and Error {light, +Blink Str-4
                  | Int+3 Stlth+}
 70050 | Pan      | Noticed Fodu Penk the pandemonium lord
 70059 | Pan      | Killed Fodu Penk the pandemonium lord
 70148 | Pan      | Identified the +0 chain mail of Grace {Rampage +Inv Int-4}
 70571 | Pan      | Entered the realm of Cerebov.
 70576 | Pan      | Identified the +2 chain mail of Wu Jian's Delight {rPois
                  | rN++ Will- Stlth+}
 70721 | Pan      | Reached skill level 1 in Necromancy
 70730 | Pan      | Reached skill level 1 in Earth Magic
 70736 | Pan      | Reached skill level 15 in Invocations
 70738 | Pan      | Identified the +7 trident "Viuhogh" {heavy, ^Contam rCorr
                  | Str+5 Dex-4}
 70755 | Pan      | Identified the ring "Zimotz" {Int+6 Dex+5}
 70821 | Pan      | Found the +6 sword of Cerebov {flame}
 70821 | Pan      | Noticed Cerebov
 70852 | Pan      | Killed Cerebov
 70888 | Pan      | Got a fiery rune of Zot
 70911 | Pan      | Identified the +5 short sword of the Doomed Warrior {spect,
                  | *Slow Fly rF- Int+8}
 70922 | Pan      | Identified the +11 hand axe "Tuepty" {holy, rF+ SInv}
 71001 | Pan      | Identified the staff "Demour" {rElec Will+ Int+4 Air}
 71008 | Pan      | Identified the +9 hand axe of Dotatwor {pain, ^Fragile
                  | Will++}
 71073 | Pan      | Identified the +6 plate armour of Life {rPois rCorr}
 71075 | Pan      | Identified the +6 whip "Beastbane" {heavy, Str+6}
 71540 | Pan      | Reached skill level 10 in Alchemy
 71562 | Pan      | Identified the blade talisman "Anatwop" {rC+ rN+ rCorr}
 72239 | Pan      | Found an exit through the horrors of the Abyss.
 72474 | Pan      | Reached skill level 5 in Necromancy
 72477 | Pan      | Reached skill level 5 in Earth Magic
 72480 | Pan      | Noticed Tymost the pandemonium lord
 72487 | Pan      | Killed Tymost the pandemonium lord
 72687 | Depths:2 | Escaped Pandemonium
 72696 | Depths:2 | Acquired the +0 tower shield of Ohuynil {rC+ SInv}
 72702 | Pan      | Entered Pandemonium
 72767 | Pan      | Noticed Fyorat the pandemonium lord
 72775 | Pan      | Killed Fyorat the pandemonium lord
 73573 | Pan      | Entered the realm of Gloorx Vloq.
 73799 | Pan      | Noticed Gloorx Vloq
 73837 | Pan      | Killed Gloorx Vloq
 73894 | Pan      | Got a dark rune of Zot
 74598 | Pan      | Found an exit through the horrors of the Abyss.
 75124 | Pan      | Noticed Kinaf the pandemonium lord
 75136 | Pan      | Killed Kinaf the pandemonium lord
 75148 | Pan      | Got the Guidebook on Comburant Attacks
 75258 | Pan      | Found an exit through the horrors of the Abyss.
 75712 | Pan      | Noticed Roucros the pandemonium lord
 75724 | Pan      | Killed Roucros the pandemonium lord
 75761 | Zig:1    | Entered Level 1 of a ziggurat
 75834 | Zig:2    | Entered Level 2 of a ziggurat
 75862 | Zig:2    | Identified the +3 broad axe "Suad" {spect, Str+6 Int+3}
 75867 | Zig:3    | Entered Level 3 of a ziggurat
 75867 | Zig:3    | Noticed Affung the pandemonium lord
 75878 | Zig:3    | Killed Affung the pandemonium lord
 75907 | Zig:4    | Entered Level 4 of a ziggurat
 75942 | Zig:5    | Entered Level 5 of a ziggurat
 75983 | Zig:6    | Entered Level 6 of a ziggurat
 76004 | Zig:6    | Identified the staff "Olaud" {rF+ rN+ Int+4 Fire}
 76023 | Zig:7    | Entered Level 7 of a ziggurat
 76030 | Zig:7    | Noticed an ancient lich
 76038 | Zig:7    | Killed an ancient lich
 76067 | Zig:7    | Identified the +7 great sword "Adatin" {protect, rC+ rCorr
                  | Dex+3}
 76072 | Zig:8    | Entered Level 8 of a ziggurat
 76078 | Zig:8    | Noticed a dread lich
 76086 | Zig:8    | Killed a dread lich
 76108 | Zig:8    | Identified the +5 battleaxe of the Sun {speed, Fly}
 76111 | Zig:8    | Acquired a manual of Throwing
 76125 | Zig:8    | Identified the +1 arbalest "Onnagum" {penet, Int+3}
 76137 | Zig:9    | Entered Level 9 of a ziggurat
 76198 | Zig:9    | Identified the granite talisman of Syndicalism {Stlth+}
 76216 | Zig:9    | Got the Octavo of the Illusory Thickets
 76228 | Zig:10   | Entered Level 10 of a ziggurat
 76247 | Zig:10   | Noticed Eneos Cue the pandemonium lord
 76254 | Zig:10   | Killed Eneos Cue the pandemonium lord
 76261 | Zig:10   | Noticed Qoloamp the pandemonium lord
 76271 | Zig:10   | Killed Qoloamp the pandemonium lord
 76316 | Zig:10   | Found the +2 hat of the Bear Spirit {Spirit, Bear, *Rage
                  | Will++}
 76437 | Zig:11   | Entered Level 11 of a ziggurat
 76522 | Zig:11   | Identified the +2 hand axe "Amonalug" {flame, Will+}
 76529 | Zig:11   | Identified the +1 trident "Soafuqup" {freeze, rF+ rN+}
 76556 | Zig:12   | Entered Level 12 of a ziggurat
 76661 | Zig:12   | Identified the +9 flail "Gram" {vamp, Int+3}
 76676 | Zig:12   | Acquired a manual of Ice Magic
 76687 | Zig:12   | Acquired the Directory of Power
 76704 | Zig:12   | Learned a level 9 spell: Fire Storm
 76708 | Zig:13   | Entered Level 13 of a ziggurat
 76742 | Zig:13   | Reached skill level 1 in Conjurations
 76742 | Zig:13   | Reached skill level 1 in Fire Magic
 76787 | Zig:13   | Identified the +1 leather armour of the Armadillo {rF+
                  | Str+2}
 76788 | Zig:13   | Identified the +1 helmet of Qiukoxe {Harm rN+}
 76824 | Zig:14   | Entered Level 14 of a ziggurat
 76957 | Zig:14   | Reached skill level 5 in Conjurations
 76957 | Zig:14   | Reached skill level 5 in Fire Magic
 76965 | Zig:14   | Identified the staff of Tortfeasance {rF+ rCorr Str+4 Fire}
 77540 | Pan      | Found an exit through the horrors of the Abyss.
 78015 | Pan      | Found a runed translucent door.
 78018 | Pan      | Found a runed translucent door.
 78022 | Pan      | Found a runed translucent door.
 78033 | Pan      | Found a runed translucent door.
 78068 | Pan      | Identified the +7 rapier "Ylairori" {speed, Will+ Dex+3}
 78165 | Pan      | Identified the ring "Kuhankeg" {Wiz Dex+4}
 78424 | Pan      | Noticed Sahi the pandemonium lord
 78430 | Pan      | Killed Sahi the pandemonium lord
 78508 | Pan      | Noticed Toijeit the pandemonium lord
 78536 | Pan      | Killed Toijeit the pandemonium lord
 79324 | Pan      | Entered the realm of Lom Lobon.
 79373 | Pan      | Found an exit through the horrors of the Abyss.
 80165 | Pan      | Noticed Lom Lobon
 80175 | Pan      | Killed Lom Lobon
 80185 | Pan      | Got a magical rune of Zot
 80424 | Pan      | Found an exit through the horrors of the Abyss.
 80494 | Pan      | Identified the +4 ring mail "Fuexi" {rCorr}
 80578 | Pan      | Noticed Duwontegg the pandemonium lord
 80583 | Pan      | Killed Duwontegg the pandemonium lord
 80622 | Pan      | Identified the +7 bardiche "Togrulotz" {elec, Fly rC+ MP+9}
 80781 | Pan      | Gained mutation: Armour fits poorly on your strangely
                  | shaped body. [a neqoxec]
 81482 | Pan      | Noticed Zihaix the pandemonium lord
 81507 | Pan      | Killed Zihaix the pandemonium lord
 82128 | Pan      | Found a runed translucent door.
 82494 | Pan      | Entered the realm of Mnoleg.
 82698 | Pan      | Gained mutation: You are vulnerable to cold. (rC-) [you]
 82762 | Pan      | Reached skill level 10 in Fire Magic
 82782 | Pan      | Reached skill level 10 in Conjurations
 82842 | Pan      | Gained mutation: You sometimes lose your temper in combat.
                  | [a cacodemon]
 82867 | Pan      | Noticed Mnoleg
 82893 | Pan      | Killed Mnoleg
 82954 | Pan      | Got a glowing rune of Zot
 83098 | Pan      | Gained mutation: You occasionally lose the ability to drink
                  | potions when taking damage. [a cacodemon]
 83163 | Pan      | Found an exit through the horrors of the Abyss.
 83576 | Pan      | Lost mutation: Your muscles are very strong. (Str +8,
                  | Int/Dex -2) [potion of mutation]
 83576 | Pan      | Lost mutation: You are vulnerable to cold. (rC-) [potion of
                  | mutation]
 83576 | Pan      | Gained mutation: You have hidden genetic defects. [potion
                  | of mutation]
 83576 | Pan      | Gained mutation: Your flesh is cold resistant. (rC+)
                  | [potion of mutation]
 83576 | Pan      | Gained mutation: You are resistant to electric shocks.
                  | (rElec) [potion of mutation]
 83577 | Pan      | Lost mutation: You occasionally lose the ability to drink
                  | potions when taking damage. [potion of mutation]
 83577 | Pan      | Lost mutation: You have hidden genetic defects. [potion of
                  | mutation]
 83577 | Pan      | Gained mutation: Your muscles are very strong. (Str +8,
                  | Int/Dex -2) [potion of mutation]
 83577 | Pan      | Gained mutation: You have supernaturally acute eyesight.
                  | (SInv) [potion of mutation]
 83578 | Pan      | Lost mutation: Your muscles are very strong. (Str +8,
                  | Int/Dex -2) [potion of mutation]
 83578 | Pan      | Lost mutation: You are resistant to electric shocks.
                  | (rElec) [potion of mutation]
 83578 | Pan      | Gained mutation: You are robust. (+10% HP) [potion of
                  | mutation]
 83578 | Pan      | Lost mutation: You are robust. (+10% HP) [potion of
                  | mutation]
 83578 | Pan      | Gained mutation: You are agile. (Dex +4, Str/Int -1)
                  | [potion of mutation]
 83579 | Pan      | Lost mutation: You sometimes lose your temper in combat.
                  | [potion of mutation]
 83579 | Pan      | Lost mutation: You are covered in fur. (AC +1) [potion of
                  | mutation]
 83579 | Pan      | Lost mutation: Armour fits poorly on your strangely shaped
                  | body. [potion of mutation]
 83579 | Pan      | Gained mutation: You are somewhat resistant to further
                  | mutation. [potion of mutation]
 83579 | Pan      | Gained mutation: You have a pair of small horns on your
                  | head. [potion of mutation]
 83702 | Pan      | Found an exit through the horrors of the Abyss.
 84018 | Pan      | Identified the +8 shortbow "Ecisahop" {heavy, Str-4 Int+6
                  | SInv}
 84026 | Pan      | Noticed Xenotir the pandemonium lord
 84032 | Pan      | Killed Xenotir the pandemonium lord
 84598 | Pan      | Gained mutation: You occasionally shout uncontrollably at
                  | your foes. [a cacodemon]
 84834 | Pan      | Found an exit through the horrors of the Abyss.
 84939 | Pan      | Noticed Wuret the pandemonium lord
 84948 | Pan      | Killed Wuret the pandemonium lord
 85356 | Pan      | Noticed Cubem the pandemonium lord
 85378 | Pan      | Killed Cubem the pandemonium lord
 85717 | Pan      | Found an exit through the horrors of the Abyss.
 85721 | Pan      | Identified the +5 scale mail "Efatzat" {rF- Will+ Int+2}
 86077 | Pan      | Noticed Rumn the pandemonium lord
 86094 | Pan      | Killed Rumn the pandemonium lord
 86192 | Pan      | Found an exit through the horrors of the Abyss.
 86678 | Pan      | Found an exit through the horrors of the Abyss.
 86796 | Pan      | Identified the +2 cloak of Ychule {Dex+3}
 86955 | Pan      | Noticed Xudaxkoe the pandemonium lord
 86970 | Pan      | Killed Xudaxkoe the pandemonium lord
 87529 | Pan      | Noticed Utuu the pandemonium lord
 87550 | Pan      | Killed Utuu the pandemonium lord
 87613 | Pan      | Found an exit through the horrors of the Abyss.
 88303 | Pan      | Found an exit through the horrors of the Abyss.
 88396 | Pan      | Noticed Cutt the pandemonium lord
 88417 | Pan      | Killed Cutt the pandemonium lord
 88742 | Pan      | Noticed Xiobur the pandemonium lord
 88753 | Pan      | Killed Xiobur the pandemonium lord
 88850 | Pan      | Noticed Ireicioc the pandemonium lord
 88855 | Pan      | Killed Ireicioc the pandemonium lord
 88965 | Pan      | Noticed Cist the pandemonium lord
 88979 | Pan      | Killed Cist the pandemonium lord
 89234 | Pan      | Found an exit through the horrors of the Abyss.
 89516 | Pan      | Identified the +1 plate armour of Fashionability {^Drain
                  | rF++}
 89585 | Pan      | Noticed Riklial the pandemonium lord
 89592 | Pan      | Killed Riklial the pandemonium lord
 89612 | Pan      | Found an exit through the horrors of the Abyss.
 89638 | Pan      | Found a huge runed translucent gate.
 89639 | Pan      | Found a huge runed translucent gate.
 89645 | Pan      | Found a huge runed translucent gate.
 89646 | Pan      | Found a huge runed translucent gate.
 89647 | Pan      | Found a huge runed translucent gate.
 89648 | Pan      | Found a huge runed translucent gate.
 89649 | Pan      | Found a huge runed translucent gate.
 89658 | Pan      | Noticed Zeclygi the pandemonium lord
 89680 | Pan      | Killed Zeclygi the pandemonium lord
 89757 | Pan      | Lost mutation: Your muscles are strong. (Str +4, Int/Dex
                  | -1) [a neqoxec]
 89982 | Pan      | Noticed Fuatz the pandemonium lord
 89993 | Pan      | Killed Fuatz the pandemonium lord
 90026 | Pan      | Identified the +6 chain mail of the Devil {Harm rC+ MP-9
                  | Dex+2}
 90037 | Pan      | Found an exit through the horrors of the Abyss.
 90517 | Pan      | Found an exit through the horrors of the Abyss.
 90648 | Pan      | Found an exit through the horrors of the Abyss.
 90711 | Pan      | Found an exit through the horrors of the Abyss.
 90823 | Pan      | Noticed Foona the pandemonium lord
 90848 | Pan      | Killed Foona the pandemonium lord
 90908 | Pan      | Noticed Dikhleuq the pandemonium lord
 90929 | Pan      | Killed Dikhleuq the pandemonium lord
 90943 | Depths:2 | Escaped Pandemonium
 90964 | Pan      | Entered Pandemonium
 91073 | Pan      | Identified the +1 leather armour of the Ageless Shrikes
                  | {+Blink Int+3 Stlth+}
 91144 | Pan      | Noticed Wolufea the pandemonium lord
 91149 | Pan      | Killed Wolufea the pandemonium lord
 91277 | Pan      | Noticed Sugetsipp the pandemonium lord
 91294 | Pan      | Killed Sugetsipp the pandemonium lord
 91426 | Pan      | Noticed Qathrept the pandemonium lord
 91436 | Pan      | Killed Qathrept the pandemonium lord
 91697 | Pan      | Found an exit through the horrors of the Abyss.
 91763 | Pan      | Took an exit into the Abyss.
 91763 | Abyss:4  | Escaped into the Abyss
 91787 | Abyss:4  | Noticed an ancient lich
 91793 | Abyss:4  | Killed an ancient lich
 91801 | Depths:2 | Escaped the Abyss
 91864 | Coc:1    | Entered Level 1 of Cocytus
 91873 | Coc:1    | You fall into a shaft and drop 1 floor!
 92251 | Coc:6    | Reached skill level 27 in Fighting
 92340 | Coc:7    | Entered Level 7 of Cocytus
 92464 | Coc:7    | Paralysed by a wendigo for 1 turns
 92669 | Coc:7    | Paralysed by a wendigo for 1 turns
 92847 | Coc:7    | Identified the +7 long sword of Atich {flame, *Slow rN+
                  | Int+5 Dex+2}
 92863 | Coc:7    | Identified the +6 spear of Awuef {venom, rN+ Str+3}
 92863 | Coc:7    | Noticed Antaeus
 92887 | Coc:7    | Killed Antaeus
 92899 | Coc:7    | Got an icy rune of Zot
 92947 | Coc:7    | Found the +18 Lear's hauberk
 92984 | Coc:7    | Identified the +0 robe of Experimentation {+Inv rF- Will-
                  | Str+8}
 93096 | Dis:1    | Entered Level 1 of the Iron City of Dis
 93571 | Dis:4    | Reached skill level 10 in Dodging
 93994 | Dis:7    | Entered Level 7 of the Iron City of Dis
 94465 | Dis:7    | Noticed Dispater
 94465 | Dis:7    | Noticed a juggernaut
 94478 | Dis:7    | Killed a juggernaut
 94502 | Dis:7    | Killed Dispater
 94525 | Dis:7    | Found the +4 robe of Folly {Brill Will-∞ Int+8}
 94564 | Dis:7    | Identified the ring of Elyvilon's Displeasure {rF++ MP+9
                  | Str+3 Int+2 Stlth-}
 94569 | Dis:7    | Got an iron rune of Zot
 94857 | Tar:1    | Entered Level 1 of Tartarus
 95324 | Tar:5    | Reached skill level 15 in Conjurations
 95709 | Tar:6    | Reached skill level 15 in Fire Magic
 95753 | Tar:7    | Entered Level 7 of Tartarus
 95842 | Tar:7    | Identified the +11 scale mail "Winoly" {Dex+5}
 95843 | Tar:7    | Identified the +0 chain mail of Salvation {Str+2 Dex+5}
 96049 | Tar:7    | Noticed Ereshkigal
 96055 | Tar:7    | Noticed the Serpent of Hell
 96060 | Tar:7    | Killed Ereshkigal
 96079 | Tar:7    | Killed the Serpent of Hell
 96162 | Tar:7    | Got a bone rune of Zot
 96171 | Tar:7    | Noticed a dread lich
 96175 | Tar:7    | Noticed a dread lich
 96178 | Tar:7    | Killed a dread lich
 96184 | Tar:7    | Paralysed by a dread lich for 4 turns
 96189 | Tar:7    | Killed a dread lich
 96371 | Geh:1    | Entered Level 1 of Gehenna
 96465 | Geh:4    | Noticed a dread lich
 96473 | Geh:4    | Killed a dread lich
 96736 | Geh:7    | Entered Level 7 of Gehenna
 97065 | Geh:7    | Identified the +9 hand axe of Dishonour {pain, *Noise rC+++
                  | rN+}
 97068 | Geh:7    | Identified the +9 hand axe of Scuffed Reinforcement {holy,
                  | +Blink rElec Str+3}
 97074 | Geh:7    | Identified the +0 scale mail "Manorph" {Rampage rElec rF+
                  | rN+}
 97413 | Geh:7    | Found the +13 sceptre of Asmodeus
 97413 | Geh:7    | Noticed Asmodeus
 97427 | Geh:7    | Killed Asmodeus
 97428 | Geh:7    | Reached skill level 27 in Invocations
 97451 | Geh:7    | Got an obsidian rune of Zot
 97871 | Zot:5    | Got the Orb of Zot
 98269 | D:9      | Noticed Buowater the pandemonium lord
 98278 | D:8      | Noticed Ichick the pandemonium lord
 98302 | D:7      | Noticed Dangioh the pandemonium lord
 98400 | D:1      | Lost mutation: You have a pair of small horns on your head.
                  | [potion of mutation]
 98400 | D:1      | Lost mutation: You occasionally shout uncontrollably at
                  | your foes. [potion of mutation]
 98402 | D:$      | Escaped with the Orb!

Illustrated notes

Levels and vault maps discovered:
D:1:      mrwooster_arrival_statue, layout_basic,
          hellmonk_ecumenical_altar_heavens_door
D:2:      layout_basic
D:3:      layout_loops_ring, mainiacjoe_overflow_catwalk
D:4:      layout_basic, nemelex_dance_club_becter,
          ebering_dispersal_statue_hall, dk_noncrumbling_3
D:5:      layout_rooms, nicolae_qazlal_general_emergency,
          chequers_temple_overflow_statue_of_worship,
          minmay_temple_entry_large_hall
D:6:      layout_rooms, nicolae_overflow_quartered_altars,
          kennysheep_opposing_triangles, uniq_grinder, uniq_eustachio,
          uniq_crazy_yiuf_cottage, uniq_sigmund
D:7:      layout_cave_pods, worldfamousw_hep_ancestral_shrine, uniq_duvessa,
          uniq_pikel
D:8:      layout_basic, mainiacjoe_overflow_six_doors_small,
          mainiacjoe_overflow_chevrons, enter_bailey_3,
          ebering_ghost_inner_flame
D:9:      layout_long_grid, dpeg_lair_monsters, orc_david_3,
          uniq_prince_ribbit1, uniq_grum
D:10:     layout_basic, nicolae_overflow_hidden_temple, minmay_fractal_squares_5
D:11:     layout_gridville
D:12:     layout_roguey
D:13:     layout_roguey [special_room_bee],
          hangedman_vaults_entry_quadrant_bands, grunt_ministairs_2
D:14:     layout_small_grid, doesnt_xom_only_xom, grunt_ministairs_11, zin_angel
D:15:     grunt_enter_depths_giant_problem, layout_basic, grunt_dithmenos_smoke,
          minmay_beelzebubs_servants
Temple:   hellmonk_temple_flake
Lair:1:   layout_roguey, serial_bayou_shore_b, infiniplex_staircase_pool
Lair:2:   layout_gridlike, roderic_batcave, cheibrodos_lair_caveside_slide,
          beast_lair_carwin_7
Lair:3:   layout_cave_pods, mainiacjoe_swamp_entry_lozenge_pond,
          hellmonk_spider_entry_life_and_decay, fungi_pond_lemuel,
          eino_small_chamber_without_monster, serial_bayou_shore_a,
          serial_bayou_shore_b
Lair:4:   layout_big_grid, enter_volcano_2, st_stairs_8
Lair:5:   evilmike_catoblepas_cave, layout_regular_city,
          minmay_slime_entry_oklob_open, grunt_megastairs_1
Swamp:1:  cheibrodos_swamp_monstrosity, layout_falls_marsh,
          evilmike_swamp_ruin_rubble_1, swamp_pool_1_2
Swamp:2:  layout_falls_marsh, hangedman_swamp_lotus, swamp_pool_4,
          nicolae_swamp_tree_isthmus
Swamp:3:  nicolae_swamp_ascending_descending_big, layout_basic_swamp,
          nicolae_swamp_feature_on_the_river_bank, nicolae_swamp_some_circles
Swamp:4:  nzn_swamp_witches_coven, layout_basic_swamp,
          nicolae_swamp_little_swirl, swamp_pool_1_2,
          nicolae_swamp_bloodsuckers_inc
Spider:1: layout_spider_delve
Spider:2: nicolae_spider_hall_of_the_moth_king
Spider:3: layout_spider_delve
Spider:4: spider_rune_water, gammafunk_ghost_split, nicolae_spider_moth_buddies
Slime:1:  layout_caves
Slime:2:  layout_caves, dissolution_awaits
Slime:3:  layout_caves
Slime:4:  layout_caves
Slime:5:  slime_pit
Orc:1:    layout_caves, portal_ice_cave_entry_imps
Orc:2:    st_orc_pillars, layout_diamond_mine, uniq_erolcha, uniq_josephine,
          uniq_azrael
Elf:1:    nicolae_elf_arrival_dilemma, layout_onion_city, gammafunk_ghost_split,
          serial_shops, nicolae_shop_window_shopping, uniq_agnes, uniq_kirke
Elf:2:    elven_hall_of_blades_hangedman_original
          [infiniplex_blade_entry_pillars], layout_onion_city,
          trove_entry_hex_spiral, uniq_aizul
Elf:3:    minmay_elf_hall_x, layout_geoelf_diagonals, serial_shops,
          nicolae_shop_crystal, shop, minivault_25
Vaults:1: mu_enter_wizlab_6, nicolae_vaults_double_plus_2,
          hangedman_vaults_stream, v_misc_19,
          nicolae_vaults_taking_the_gang_shopping,
          nicolae_vaults_network_quinsquares
          [nicolae_vaults_network_quincunx_subvault,
          nicolae_vaults_network_quincunx_subvault,
          nicolae_vaults_network_quincunx_subvault,
          nicolae_vaults_network_quincunx_subvault],
          nicolae_vaults_diagonal_hallway_9, vaults_room_ringed_pool,
          nicolae_vaults_trapezoid_2, nicolae_vaults_little_squares_1,
          v_misc_15, layout_vaults_maze_bifur
Vaults:2: gammafunk_the_bubble [the_bubble_gammafunk_plus_minus],
          vaults_mumra_lcd, nicolae_vaults_specimen_jars,
          nicolae_vaults_more_shelving_1, nicolae_vaults_little_squares_6,
          v_misc_30, nicolae_vaults_trapezoid_2, layout_vaults_omnigrid,
          uniq_jory, uniq_zenata, uniq_margery, uniq_xtahua, uniq_saint_roka
Vaults:3: portal_desolation_entry_twin_temple, v_misc_13,
          nicolae_vaults_sealed_display, special_room_vaults [special_room_orc],
          minmay_crypt_entry_nasty_monster, nicolae_vaults_little_squares_3,
          v_misc_16, nicolae_vaults_storage_room_doors, vaults_room_corners,
          nicolae_vaults_mini_display_case, ontoclasm_vaults_twist,
          vaults_room_hallway, vaults_dpeg_hooks, layout_vaults_chaotic_city,
          serial_shops, shop
Vaults:4: hangedman_vaults_impose, v_rooms_1, nicolae_vaults_big_ls,
          nicolae_vaults_trapezoid_2, v_misc_28, v_alt_pattern_4,
          hangedman_vaults_snaps, nicolae_vaults_meiosis, vaults_mumra_hex,
          nicolae_vaults_trapezoid_2, vaults_dpeg_ring,
          nicolae_vaults_tetromino_Z_2, layout_vaults_ring, serial_shops,
          bzr_in_the_mist, nicolae_shop_real_fake_doors
Vaults:5
Crypt:1:  layout_chaotic_city, gammafunk_ghost_necromancy, uniq_bai_suzhen,
          uniq_grunn
Crypt:2:  layout_gridlike, lemuel_upstairs_altar
Crypt:3:  quadcrypt_mu
Tomb:1
Tomb:2
Tomb:3
Depths:1: layout_twisted_cross, serial_shops, nicolae_inconvenience_store,
          regret_index_abyss_entry_earlier_magic, nicolae_the_louvre,
          grunt_mini_vestibule, grunt_decor_cap,
          serial_library_hellmonk_recessed_alcove, kennysheep_generic_room_15,
          uniq_sojobo
Depths:2: minmay_connected_triangles_in_corner, layout_cave_pools,
          kiku_gazebo_garden_becter, hell_entry, grunt_pan_entry_in_and_out
Depths:3: kennysheep_gozag_temple, layout_gridlike, hell_entry, serial_shops,
          bzr_entry_gold, nicolae_shop_rolling_square, nicolae_shop_statue_plus,
          nicolae_shop_just_a_little_nook, minivault_14,
          nicolae_abyss_entry_one_way_or_another, hangedman_decor_riveting,
          uniq_josephina
Depths:4: grunt_runaround [grunt_runaround_zot, grunt_runaround_doors_1,
          grunt_runaround_doors_2, grunt_runaround_doors_3,
          grunt_runaround_doors_4], hell_entry, uniq_boris, uniq_mennas
Hell
Dis:1:    layout_gridville, nrook_loot_triangle
Dis:2:    layout_gridville
Dis:3:    layout_jigsaw, nicolae_dis_scattering
Dis:4:    layout_overlapping_boxes
Dis:5:    nicolae_dis_metal_hellway, layout_jigsaw
Dis:6:    layout_jigsaw
Dis:7:    dis_st
Geh:1:    layout_gehenna_pools_basic
Geh:2:    layout_gehenna_lava_caves
Geh:3:    layout_gehenna_pools_box
Geh:4:    nicolae_geh_symmetric_flows, layout_gehenna_pools_triple,
          nicolae_geh_isolated_escape
Geh:5:    layout_gehenna_pools_basic, lemuel_old_faithful
Geh:6:    layout_gehenna_pools_box
Geh:7:    evilmike_geh
Coc:1:    layout_cocytus_water_paths
Coc:2:    layout_ice_bergs, serial_ice, serial_ice_a, serial_ice_m, serial_ice_o
Coc:3:    layout_ice_bergs
Coc:4:    layout_cocytus_delve
Coc:5:    nicolae_coc_on_the_berg
Coc:6:    layout_ice_bergs
Coc:7:    coc_grunt_cove [coc_grunt_cove_antaeus, coc_grunt_cove_fiend,
          coc_grunt_cove_fiend, coc_grunt_cove_fiend, coc_grunt_cove_fiend]
Tar:1:    layout_grid_maze
Tar:2:    layout_grid_maze
Tar:3:    layout_honeycomb, nicolae_tar_grid_combs
Tar:4:    layout_catacombs
Tar:5:    layout_catacombs
Tar:6:    layout_grid_maze
Tar:7:    tar_grunt_cathedral
Zot:1:    layout_basic
Zot:2:    kennysheep_spiral_hall, layout_cathedral_of_symmetry, basic_altar,
          regret_index_zotdec_plus, st_stairs_13
Zot:3:    layout_concentric_octagons, hangedman_zot_gyre,
          regret_index_zotdec_bone_old
Zot:4:    layout_gridville, regret_index_zotdec_barnacled_simple
Zot:5:    layout_gridville

Skill      XL: |  1  2  3  4  5  6  7  8  9 10 11 12 13 14 15 16 17 18 19 20 21 22 23 24 25 26 27 |
---------------+----------------------------------------------------------------------------------+-----
Short Blades   | 2 3 4 5 6 8 10 11 13 14 20 | 20.8
Fighting       | 3 4 5 6 7 8 9 11 12 13 14 15 16 17 18 19 27 | 27.0
Stealth        | 1 2 3 |  3.0
Spellcasting   | 1 2 3 4 8 11 13 14 15 20 | 20.0
Throwing       | 1 2 3 5 6 7 9 11 12 14 15 16 18 | 18.3
Evocations     | 1 3 6 8 9 10 12 13 | 13.0
Invocations    | 1 3 5 7 9 10 12 27 | 27.0
Shields        | 3 6 8 9 10 11 12 13 14 15 16 17 18 19 20 24 | 24.6
Armour         | 5 6 8 9 10 11 12 14 15 16 | 16.8
Dodging        | 1 4 6 7 14 | 14.1
Translocations | 6 10 11 20 | 20.2
Shapeshifting  | 7 11 26 | 26.0
Long Blades    | 1 8 |  8.4
Alchemy        | 14 | 14.1
Hexes          | 8 |  8.0
Necromancy     | 8 |  8.0
Earth Magic    | 8 |  8.0
Conjurations   | 16 | 16.0
Fire Magic     | 15 | 15.9

Action                     |  1- 3 |  4- 6 |  7- 9 | 10-12 | 13-15 | 16-18 | 19-21 | 22-24 | 25-27 || total
---------------------------+-------+-------+-------+-------+-------+-------+-------+-------+-------++-------
  Melee: Rapier            |   122 |   132 |   338 |   807 |   131 |       |       |       |       ||  1530
         Bite              |    24 |    45 |   104 |   307 |   830 |  1061 |  1433 |  1572 | 10752 || 16128
         Quick blade       |       |       |       |       |  1600 |  2266 |  2674 |  2690 | 14812 || 24042
         Headbutt          |       |       |       |       |       |       |       |       |  2570 ||  2570
         Eudemon blade     |       |       |       |       |       |       |       |       |   279 ||   279
  Throw: Dart              |       |    10 |     5 |       |       |       |       |       |       ||    15
         Javelin           |       |       |       |     6 |     7 |    12 |       |     4 |   106 ||   135
         Boomerang         |       |       |       |     3 |       |       |       |       |       ||     3
   Cast: Lesser Beckoning  |       |       |       |       |       |       |       |       |   124 ||   124
         Manifold Assault  |       |       |       |       |       |       |       |       |    35 ||    35
         Yara's Violent Un |       |       |       |       |       |       |       |       |     8 ||     8
         Passage of Golubr |       |       |       |       |       |       |       |       |     5 ||     5
         Dispersal         |       |       |       |       |       |       |       |       |     4 ||     4
         Apportation       |       |       |       |       |       |       |       |       |     1 ||     1
         Blink             |       |       |       |       |       |       |       |       |     1 ||     1
 Invoke: Heroism           |       |       |       |     8 |    20 |    26 |    29 |    23 |     4 ||   110
         Receive Weapon    |       |       |       |       |     1 |       |       |       |       ||     1
         Receive Armour    |       |       |       |       |     1 |       |       |       |       ||     1
         Finesse           |       |       |       |       |     2 |     5 |     1 |     3 |       ||    11
         Duel              |       |       |       |       |       |     1 |       |     1 |       ||     2
         Divine Shield     |       |       |       |       |       |       |       |       |    33 ||    33
         Cleansing Flame   |       |       |       |       |       |       |       |       |    64 ||    64
         Brand Weapon With |       |       |       |       |       |       |       |       |     1 ||     1
  Evoke: Wand              |       |     1 |     7 |     5 |     5 |     1 |     6 |     3 |    28 ||    56
         Tin of tremorston |       |       |       |     2 |     2 |       |     1 |       |       ||     5
         Phial of floods   |       |       |       |       |     1 |       |       |       |       ||     1
         Figurine of a zig |       |       |       |       |       |       |       |       |     1 ||     1
    Use: Scroll            |       |     3 |     5 |     8 |    12 |    26 |    10 |     6 |    83 ||   153
         Potion            |       |       |       |     3 |     1 |    11 |     5 |     5 |    60 ||    85
   Stab: Invisible         |       |       |     1 |     1 |       |       |    12 |     1 |       ||    15
         Paralysed         |       |       |     1 |       |       |       |       |       |       ||     1
         Sleeping          |       |       |       |     6 |     5 |    19 |     4 |       |       ||    34
         Distracted        |       |       |       |       |     1 |     2 |     2 |       |     1 ||     6
         Confused          |       |       |       |       |       |     1 |       |       |       ||     1
 Armour: Scale mail        |    70 |       |       |       |       |       |       |       |       ||    70
         Chain mail        |     9 |   110 |   274 |    47 |       |       |       |       |       ||   440
         Quicksilver drago |       |       |       |   486 |   375 |   649 |   171 |       |       ||  1681
         Skin              |       |       |       |       |       |    18 |       |       |  2391 ||  2409
         Gold dragon scale |       |       |       |       |       |       |   425 |   694 |   944 ||  2063
  Dodge: Dodged            |    34 |    38 |    86 |   296 |   190 |   276 |   254 |   233 |  2771 ||  4178
  Block: Buckler           |    22 |    27 |    88 |   175 |    22 |       |       |       |       ||   334
         Tower shield      |       |       |       |       |   602 |   999 |  1204 |  1306 | 11180 || 15291
         Reflection        |       |       |       |       |       |       |       |       |   289 ||   289
   Form: Statue            |       |       |       |       |       |       |       |       |     5 ||     5
                           |       |       |       |       |       |       |       |       |     4 ||     4

Table legend: (Time is in decaauts)
 A = Elapsed time spent in this place.
 B = Non-inter-level travel time spent in this place.
 C = Inter-level travel time spent in this place.
 D = Time resting spent in this place.
 E = Time spent auto-exploring this place.
 F = Levels seen in this place.
 G = Mean time per level.
                   A        B        C        D        E       F      G
               +--------+--------+--------+--------+--------+-----+--------+
         Total | 109259 |  97191 |  12068 |   5149 |  59153 | 167 |  654.2 |
       Dungeon |  15458 |  11998 |   3460 |    683 |   8223 |  15 | 1030.5 |
        Temple |     25 |      6 |     19 |      0 |      0 |   1 |   25.0 |
          Lair |   5084 |   4229 |    855 |    338 |   2827 |   5 | 1016.8 |
         Swamp |   3719 |   3532 |    187 |    288 |   2256 |   4 |  929.8 |
   Spider Nest |   4014 |   3439 |    575 |     18 |   2567 |   4 | 1003.5 |
    Slime Pits |   1057 |    945 |    112 |    144 |    319 |   5 |  211.4 |
  Orcish Mines |   1585 |   1112 |    473 |     62 |    608 |   2 |  792.5 |
   Elven Halls |   3989 |   3579 |    410 |    263 |   2453 |   3 | 1329.7 |
        Vaults |   8111 |   6512 |   1599 |    542 |   3922 |   5 | 1622.2 |
         Crypt |   3540 |   2840 |    700 |      7 |   2099 |   3 | 1180.0 |
          Tomb |   3728 |   3339 |    389 |    232 |   1936 |   3 | 1242.7 |
        Depths |   5509 |   3665 |   1844 |     44 |   2378 |   4 | 1377.2 |
          Hell |    889 |    604 |    285 |     30 |    304 |   1 |  889.0 |
           Dis |   2007 |   1847 |    160 |    281 |    277 |   7 |  286.7 |
       Gehenna |   1669 |   1437 |    232 |      0 |    480 |   7 |  238.4 |
       Cocytus |   1599 |   1551 |     48 |    284 |     84 |   7 |  228.4 |
      Tartarus |   1908 |   1727 |    181 |    171 |    663 |   7 |  272.6 |
           Zot |   5031 |   4499 |    532 |    135 |   3481 |   5 | 1006.2 |
         Abyss |   2033 |   2033 |      0 |     12 |    938 |  10 |  203.3 |
   Pandemonium |  33109 |  33109 |      0 |    886 |  21961 |  45 |  735.8 |
      Ziggurat |   1643 |   1643 |      0 |    192 |    153 |  14 |  117.4 |
        Bazaar |    152 |    152 |      0 |      0 |    108 |   2 |   76.0 |
         Trove |    143 |    143 |      0 |      0 |     12 |   1 |  143.0 |
        Bailey |    420 |    420 |      0 |     49 |    149 |   1 |  420.0 |
      Ice Cave |    623 |    623 |      0 |     62 |    191 |   1 |  623.0 |
       Volcano |    299 |    299 |      0 |     73 |    127 |   1 |  299.0 |
        Wizlab |   1099 |   1099 |      0 |    252 |    320 |   1 | 1099.0 |
    Desolation |    771 |    771 |      0 |     84 |    314 |   1 |  771.0 |
         Arena |     31 |     31 |      0 |     12 |      0 |   2 |   15.5 |
               +--------+--------+--------+--------+--------+-----+--------+

Top non-repeatable levels by time:
Vaults:2: 2241 daAuts
  Lair:3: 1848 daAuts
  Tomb:1: 1830 daAuts
   Elf:2: 1717 daAuts
 Crypt:3: 1695 daAuts
Depths:1: 1664 daAuts
     D:9: 1662 daAuts
Vaults:3: 1649 daAuts
Vaults:5: 1530 daAuts
    D:11: 1512 daAuts
Vaults:4: 1461 daAuts
Depths:3: 1358 daAuts
Depths:4: 1319 daAuts
    D:10: 1272 daAuts
Spider:4: 1240 daAuts
